Workbook

Sheet PLANILHA
C1: P R E F E I T U R A M U N I C I P A L D E Á G U I A B R A N C A
A5: Obra: Construção da Sede da Prefeitura Municipal Local: Rua DR. Valery Kosvarovik / Praça dos Três Poderes, Bairro Cristo Rei
A6: Preço Base: DER - Edificações, Fevereiro 2025 / DER - Rodovias, Janeiro 2024 sem desoneração / SINAPI-ES , Fevereiro 2025 sem desoneração.
A7: BDI = 31,36% | G7: Data Base: Fevereiro 2025
A8: PLANILHA ORÇAMENTÁRIA
A9: ITEM | B9: CÓDIGO | C9: DESCRIÇÃO | D9: FONTE | E9: UNID. | F9: QUANT | G9: UNITÁRIO SEM BDI | H9: UNITÁRIO COM BDI | I9: PREÇO TOTAL
A11: 1 | B11: SERVIÇOS PRELIMINARES
A12: 1.1 | B12: 010402 | C12: Raspagem e limpeza do terreno (manual) | D12: DER | E12: m² | F12: =1455.4 -> 1455.4 | G12: 4.47 | H12: =G12*1.3136 -> 5.87 | I12: =F12*H12 -> 8543.2 | K12: =H12*F12 -> 8543.2
A13: 1.2 | B13: 010501 | C13: Locação de obra com gabarito de madeira | D13: DER | E13: m² | F13: =1423.84 -> 1423.84 | G13: 10.95 | H13: =G13*1.3136 -> 14.38 | I13: =F13*H13 -> 20474.82 | K13: =H13*F13 -> 20474.82
A14: 1.3 | B14: 010512 | C14: Equipe topográfica para serviços simples de locação e nivelamento (incluindo equipamento, transporte e profissionais nivel médio) | D14: DER | E14: mês | F14: 1 | G14: 23479.53 | H14: =G14*1.3136 -> 30842.71 | I14: =F14*H14 -> 30842.71 | K14: =H14*F14 -> 30842.71
A15: 1.4 | B15: 020305 | C15: Placa de obra nas dimensões de 2.0 x 4.0 m, padrão DER | D15: DER | E15: m² | F15: 8 | G15: 244.44 | H15: =G15*1.3136 -> 321.1 | I15: =F15*H15 -> 2568.8 | K15: =H15*F15 -> 2568.8
A16: 1.5 | B16: 020701 | C16: Barracão para escritório com sanitário área de 14.50 m2, de chapa de compens. 12mm e pontalete 8x8cm, piso cimentado e cobertura de telha de fibroc. 6mm, incl. ponto de luz e cx. de inspeção, conf. projeto (1 utilização) | D16: DER | E16: m² | F16: 14.5 | G16: 827.65 | H16: =G16*1.3136 -> 1087.2 | I16: =F16*H16 -> 15764.4 | K16: =H16*F16 -> 15764.4
A17: 1.6 | B17: 020702 | C17: Barracão para almoxarifado área de 10.90m2, de chapa de compensado de 12mm e pontalete 8x8cm, piso cimentado e cobertura de telhas de fibrocimento de 6mm, incl. ponto de luz, conf. projeto (1 utilização) | D17: DER | E17: m² | F17: 10.9 | G17: 579.35 | H17: =G17*1.3136 -> 761.03 | I17: =F17*H17 -> 8295.23 | K17: =H17*F17 -> 8295.23
A18: 1.7 | B18: 020704 | C18: Refeitório com paredes de chapa de compens. 12mm e pontaletes 8x8cm, piso ciment. e cob. de telhas fibroc. 6mm, incl. ponto de luz e cx. de inspeção (cons. 1.21 m2/func./turno), conf. projeto (1 utilização) | D18: DER | E18: m² | F18: 24.2 | G18: 458.81 | H18: =G18*1.3136 -> 602.69 | I18: =F18*H18 -> 14585.1 | K18: =H18*F18 -> 14585.1
A19: 1.8 | B19: 020708 | C19: Galpão para serraria e carpintaria área 12.00m2, em peça de madeira 8x8cm e contraventamento de 5x7cm, cobertura de telha de fibroc. de 6mm, inclusive ponto e cabo de alimentação da máquina, conf. projeto (1 utilização) | D19: DER | E19: m² | F19: 12 | G19: 201.48 | H19: =G19*1.3136 -> 264.66 | I19: =F19*H19 -> 3175.92 | K19: =H19*F19 -> 3175.92
A20: 1.9 | B20: 020709 | C20: Galpão para corte e armação com área de 6.00m2, em peças de madeira 8x8cm e contraventamento de 5x7cm, cobertura de telhas de fibroc. de 6mm, inclusive ponto e cabo de alimentação da máquina, conf. projeto (1 utilização) | D20: DER | E20: m² | F20: 6 | G20: 271.59 | H20: =G20*1.3136 -> 356.76 | I20: =F20*H20 -> 2140.56 | K20: =H20*F20 -> 2140.56
A21: 1.10 | B21: 020711 | C21: Reservatório de poliestileno de 1000 L, incl. suporte em madeira de 7x12cm e 8x7cm, elevado de 4m, conf. projeto (1 utilização) | D21: DER | E21: und | F21: 1 | G21: 2144.98 | H21: =G21*1.3136 -> 2817.65 | I21: =F21*H21 -> 2817.65 | K21: =H21*F21 -> 2817.65
A22: 1.11 | B22: 020355 | C22: Aluguel mensal container sanitário, incl porta, básc, 2 ptos luz, 1 pto aterram., 3vasos, 3lavatórios, calha mictório, 6 chuveiros (1 eletrico), torn.,registros, piso comp. Naval pintado, cert NR18 e laudo descontaminação | D22: DER | E22: ms | F22: 24 | G22: 1247.4 | H22: =G22*1.3136 -> 1638.58 | I22: =F22*H22 -> 39325.92 | K22: =H22*F22 -> 39325.92
A23: 1.12 | B23: 020713 | C23: Rede de luz, incl. padrão entrada de energia trifás., cabo de ligação até barracões, quadro de distrib., disj. e chave de força (quando necessário), cons. 20m entre padrão entrada e QDG, conf. projeto (1 utilização) | D23: DER | E23: m | F23: 20 | G23: 454.77 | H23: =G23*1.3136 -> 597.39 | I23: =F23*H23 -> 11947.8 | K23: =H23*F23 -> 11947.8
A24: 1.13 | B24: 020712 | C24: Rede de água com padrão de entrada d'água diâm. 3/4", conf. espec. CESAN, incl. tubos e conexões para alimentação, distribuição, extravasor e limpeza, cons. o padrão a 25m, conf. projeto (1 utilização) | D24: DER | E24: m | F24: 25 | G24: 55.94 | H24: =G24*1.3136 -> 73.48 | I24: =F24*H24 -> 1837 | K24: =H24*F24 -> 1837
A25: 1.14 | B25: 020714 | C25: Rede de esgoto, contendo fossa e filtro, inclusive tubos e conexões de ligação entre caixas, considerando distância de 25m, conforme projeto (1 utilização) | D25: DER | E25: m | F25: 25 | G25: 436.14 | H25: =G25*1.3136 -> 572.91 | I25: =F25*H25 -> 14322.75 | K25: =H25*F25 -> 14322.75
... A28: 1.17 | B28: 020339 | C28: Locação de andaime metálico para trabalho em fachada de edifíco (aluguel de 1 m² por 1 mês) inclusive frete, montagem e desmontagem | D28: DER | E28: m² | F28: 12810.24 | G28: 21.13 | H28: =G28*1.3136 -> 27.76 | I28: =F28*H28 -> 355612.26 | K28: =H28*F28 -> 355612.26
A29: SUBTOTAL 01 | I29: =SUM(I12:I28) -> 595727.04 | K29: =H29*F29 -> 0
A30: 2 | B30: FUNDAÇÕES PROFUNDAS | K30: =H30*F30 -> 0
A31: 2.1 | B31: ESTAQUEAMENTO | K31: =H31*F31 -> 0
A32: 2.1.1 | B32: 101173 | C32: ESTACA BROCA DE CONCRETO, DIÂMETRO DE 20CM, ESCAVAÇÃO MANUAL COM TRADO CONCHA, COM ARMADURA DE ARRANQUE. AF_05/2020 | D32: SINAPI | E32: m | F32: 276 | G32: 67.37 | H32: =G32*1.3136 -> 88.5 | I32: =F32*H32 -> 24426 | K32: =H32*F32 -> 24426
A33: 2.1.2 | B33: 101174 | C33: ESTACA BROCA DE CONCRETO, DIÂMETRO DE 25CM, ESCAVAÇÃO MANUAL COM TRADO CONCHA, COM ARMADURA DE ARRANQUE. AF_05/2020 | D33: SINAPI | E33: m | F33: 930 | G33: 94.42 | H33: =G33*1.3136 -> 124.03 | I33: =F33*H33 -> 115347.9 | K33: =H33*F33 -> 115347.9
A34: 2.1.3 | B34: 100899 | C34: ESTACA ESCAVADA MECANICAMENTE, SEM FLUIDO ESTABILIZANTE, COM 25CM DE DIÂMETRO, CONCRETO LANÇADO MANUALMENTE (EXCLUSIVE MOBILIZAÇÃO E DESMOBILIZAÇÃO). AF_01/2020 | D34: SINAPI | E34: m | F34: 580 | G34: 99.21 | H34: =G34*1.3136 -> 130.32 | I34: =F34*H34 -> 75585.6 | K34: =H34*F34 -> 75585.6
A35: 2.1.4 | B35: 100897 | C35: ESTACA ESCAVADA MECANICAMENTE, SEM FLUIDO ESTABILIZANTE, COM 40CM DE DIÂMETRO, CONCRETO LANÇADO POR CAMINHÃO BETONEIRA (EXCLUSIVE MOBILIZAÇÃO E DESMOBILIZAÇÃO). AF_01/2020 | D35: SINAPI | E35: m | F35: 48 | G35: 139.18 | H35: =G35*1.3136 -> 182.83 | I35: =F35*H35 -> 8775.84 | K35: =H35*F35 -> 8775.84
A36: 2.1.5 | B36: 010219 | C36: Demolição manual de concreto armado (EMOP 05.001.033) | D36: DER | E36: m³ | F36: 12.95 | G36: 335.21 | H36: =G36*1.3136 -> 440.33 | I36: =F36*H36 -> 5702.27 | K36: =H36*F36 -> 5702.27
A37: SUBTOTAL 02 | I37: =SUM(I32:I36) -> 229837.61 | K37: =H37*F37 -> 0
A38: 3 | B38: MOVIMENTAÇÃO DE TERRA | K38: =H38*F38 -> 0
A39: 3.1 | B39: 030101 | C39: Escavação manual em material de 1a. categoria, até 1.50 m de profundidade | D39: DER | E39: m³ | F39: 209.45 | G39: 58.11 | H39: =G39*1.3136 -> 76.33 | I39: =F39*H39 -> 15987.32 | K39: =H39*F39 -> 15987.32
A40: 3.2 | B40: 030201 | C40: Reaterro apiloado de cavas de fundação, em camadas de 20 cm | D40: DER | E40: m³ | F40: =171.73 -> 171.73 | G40: 62.58 | H40: =G40*1.3136 -> 82.21 | I40: =F40*H40 -> 14117.92 | K40: =H40*F40 -> 14117.92
A41: 3.3 | B41: 030206 | C41: Aterro manual para regularização do terreno em areia, inclusive adensamento hidráulico e fornecimento do material (máximo de 100m3) | D41: DER | E41: m³ | F41: 263.66 | G41: 200.58 | H41: =G41*1.3136 -> 263.48 | I41: =F41*H41 -> 69469.14 | K41: =H41*F41 -> 69469.14
A42: SUBTOTAL 03 | I42: =SUM(I39:I41) -> 99574.38 | K42: =H42*F42 -> 0
A43: 4 | B43: INFRA-ESTRUTURA | K43: =H43*F43 -> 0
A44: 4.1 | B44: 040231 | C44: Fornecimento, preparo e aplicação de concreto magro com consumo mínimo de cimento de 250 kg/m3 (brita 1 e 2) - (5% de perdas já incluído no custo) | D44: DER | E44: m³ | F44: =4.67 -> 4.67 | G44: 670.16 | H44: =G44*1.3136 -> 880.32 | I44: =F44*H44 -> 4111.09 | K44: =H44*F44 -> 4111.09
A45: 4.2 | B45: 040250 | C45: Fôrma de tábua de madeira de 2.5x30.0cm, levando-se em conta utilização 3 vezes (incluindo o material, corte, montagem, escoramento e desforma) | D45: DER | E45: m² | F45: =235.59 -> 235.59 | G45: 100.48 | H45: =G45*1.3136 -> 131.99 | I45: =F45*H45 -> 31095.52 | K45: =H45*F45 -> 31095.52
A46: 4.3 | B46: 040315 | C46: Fornecimento, preparo e aplicação de concreto Fck = 30 MPa (com brita 1 e 2) - (5% de perdas já incluído no custo) | D46: DER | E46: m³ | F46: 37.72 | G46: 870.83 | H46: =G46*1.3136 -> 1143.92 | I46: =F46*H46 -> 43148.66 | K46: =H46*F46 -> 43148.66
A47: 4.4 | B47: 040243 | C47: Fornecimento, dobragem e colocação em fôrma, de armadura CA-50 A média, diâmetro de 6.3 a 10.0 mm | D47: DER | E47: kg | F47: =827.7 -> 827.7 | G47: 11.26 | H47: =G47*1.3136 -> 14.79 | I47: =F47*H47 -> 12241.68 | K47: =H47*F47 -> 12241.68
A48: 4.5 | B48: 040245 | C48: Fornecimento, dobragem e colocação em fôrma, de armadura CA-50 A grossa diâmetro de 12.5 a 25.0 mm (1/2 a 1") | D48: DER | E48: kg | F48: 467.1 | G48: 11.83 | H48: =G48*1.3136 -> 15.54 | I48: =F48*H48 -> 7258.73 | K48: =H48*F48 -> 7258.73
A49: 4.6 | B49: 040246 | C49: Fornecimento, dobragem e colocação em fôrma, de armadura CA-60 B fina, diâmetro de 4.0 a 7.0mm | D49: DER | E49: kg | F49: 590.6 | G49: 12.01 | H49: =G49*1.3136 -> 15.78 | I49: =F49*H49 -> 9319.67 | K49: =H49*F49 -> 9319.67
A50: SUBTOTAL 04 | I50: =SUM(I44:I49) -> 107175.35 | K50: =H50*F50 -> 0
A51: 5 | B51: SUPRA-ESTRUTURA | K51: =H51*F51 -> 0
A52: 5.1 | B52: 040339 | C52: Forma de chapas madeira compensada resinada, esp. 12mm, levando-se em conta a utilização 3 vezes, reforçadas com sarrafos de madeira de 2.5 x 10.0cm (incl material, corte, montagem, escoras em eucalipto e desforma) | D52: DER | E52: m² | F52: 1359.43 | G52: 124.5 | H52: =G52*1.3136 -> 163.54 | I52: =F52*H52 -> 222321.18 | K52: =H52*F52 -> 222321.18
A53: 5.2 | B53: 040331 | C53: Fornecimento e aplicação de concreto USINADO Fck=30 MPa - considerando BOMBEAMENTO (5% de perdas já incluído no custo) (6% de taxa p/ concr. bombeavel) | D53: DER | E53: m³ | F53: 141.76 | G53: 681.02 | H53: =G53*1.3136 -> 894.59 | I53: =F53*H53 -> 126817.08 | K53: =H53*F53 -> 126817.08
A54: 5.3 | B54: 040328 | C54: Fornecimento, dobragem e colocação em fôrma, de armadura CA-50 A média, diâmetro de 6.3 a 10.0 mm | D54: DER | E54: kg | F54: 3706.02 | G54: 11.26 | H54: =G54*1.3136 -> 14.79 | I54: =F54*H54 -> 54812.04 | K54: =H54*F54 -> 54812.04
A55: 5.4 | B55: 040332 | C55: Fornecimento, dobragem e colocação em fôrma, de armadura CA-50 A grossa, diâmetro de 12.5 a 25.0mm | D55: DER | E55: kg | F55: 2648.3 | G55: 11.83 | H55: =G55*1.3136 -> 15.54 | I55: =F55*H55 -> 41154.58 | K55: =H55*F55 -> 41154.58
A56: 5.5 | B56: 040333 | C56: Fornecimento, dobragem e colocação em fôrma, de armadura CA-60 B fina, diâmetro de 4.0 a 7.0mm | D56: DER | E56: kg | F56: 1590.9 | G56: 12.01 | H56: =G56*1.3136 -> 15.78 | I56: =F56*H56 -> 25104.4 | K56: =H56*F56 -> 25104.4
A57: SUBTOTAL 05 | I57: =SUM(I52:I56) -> 470209.28 | K57: =H57*F57 -> 0
A58: 6 | B58: LAJE-PRÉMOLDADA | K58: =H58*F58 -> 0
A59: 6.1 | B59: COMP-01 | C59: Laje pré-fabricada treliçada (H=12cm), sobrecarga 300 Kg/m², vãos até 5.0m, capeamento de 4cm, elemento de enchimento em bloco EPS, espessura final da laje (H=16cm), inclusive armadura de distribuição 5.0 cada 15cm | D59: DER | E59: m² | F59: 918.47 | G59: 235.52 | H59: =G59*1.3136 -> 309.38 | I59: =F59*H59 -> 284156.25 | K59: =H59*F59 -> 284156.25
A60: SUBTOTAL 06 | I60: =SUM(I59) -> 284156.25 | K60: =H60*F60 -> 0
A61: 7 | B61: COBERTURA | K61: =H61*F61 -> 0
A62: 7.1 | B62: 090102 | C62: Estrutura de madeira de lei tipo Paraju ou equivalente para telhado de telha ondulada de fibrocimento esp. 6mm, com pontaletes e caibros, inclusive tratamento com cupinicida, exclusive telhas | D62: DER | E62: m² | F62: 342.91 | G62: 112 | H62: =G62*1.3136 -> 147.12 | I62: =F62*H62 -> 50448.92 | K62: =H62*F62 -> 50448.92
A63: 7.2 | B63: 090206 | C63: Cobertura nova de telhas de alumínio trapezoidal, H = 8 cm, esp. 0.5mm, inclusive acessórios de fixação | D63: DER | E63: m² | F63: 342.91 | G63: 89.8 | H63: =G63*1.3136 -> 117.96 | I63: =F63*H63 -> 40449.66 | K63: =H63*F63 -> 40449.66
A64: 7.3 | B64: 090302 | C64: Rufo de chapa metálica nº 26 com largura de 30 cm | D64: DER | E64: m | F64: 108.02 | G64: 43.8 | H64: =G64*1.3136 -> 57.54 | I64: =F64*H64 -> 6215.47 | K64: =H64*F64 -> 6215.47
A65: 7.4 | B65: 130308 | C65: Soleira de granito esp. 2 cm e largura de 15 cm | D65: DER | E65: m | F65: 195.92 | G65: 52.59 | H65: =G65*1.3136 -> 69.08 | I65: =F65*H65 -> 13534.15 | K65: =H65*F65 -> 13534.15
A66: 7.5 | B66: 090305 | C66: Calha de concreto armado Fck=15 MPa em "U" nas dimensões de 38 x 56 cm conforme detalhes em projeto | D66: DER | E66: m | F66: 37.4 | G66: 270.05 | H66: =G66*1.3136 -> 354.74 | I66: =F66*H66 -> 13267.28 | K66: =H66*F66 -> 13267.28
A67: 7.6 | B67: 100202 | C67: Impermeabilização com argamassa de igol 2 - marca de referência Sika | D67: DER | E67: m² | F67: 49.47 | G67: 58.82 | H67: =G67*1.3136 -> 77.27 | I67: =F67*H67 -> 3822.55 | K67: =H67*F67 -> 3822.55
A68: SUBTOTAL 07 | I68: =SUM(I62:I67) -> 127738.03 | K68: =H68*F68 -> 0
A69: 8 | B69: PAREDES E PAINEIS | K69: =H69*F69 -> 0
A70: 8.1 | B70: ALVENARIA | K70: =H70*F70 -> 0
A71: 8.1.1 | B71: 050605 | C71: Alvenaria de vedação com blocos cerâmicos furados 9x19x19cm, assentados c/ argamassa de cimento, cal hidratada CH1 e areia no traço 1:0,5:8, preparo com betoneira, juntas 10mm e esp. das paredes s/revestimento, 9cm (bloco comprado na praça de Vitória, posto obra) | D71: DER | E71: m² | F71: 531.17 | G71: 65.07 | H71: =G71*1.3136 -> 85.48 | I71: =F71*H71 -> 45404.41 | K71: =H71*F71 -> 45404.41
A72: 8.1.2 | B72: 050607 | C72: Alvenaria de vedação com blocos cerâmicos furados 9x19x19cm, assentados c/ argamassa de cimento, cal hidratada CH1 e areia no traço 1:0,5:8, preparo com betoneira, juntas 10mm e esp. das paredes s/revestimento, 19cm, bloco deitado (bloco comprado praça de Vitória, posto obra) | D72: DER | E72: m² | F72: 287.64 | G72: 129.52 | H72: =G72*1.3136 -> 170.14 | I72: =F72*H72 -> 48939.07 | K72: =H72*F72 -> 48939.07
A73: 8.2 | B73: PLATIBANDA | K73: =H73*F73 -> 0
A74: 8.2.1 | B74: 090403 | C74: Platibanda de alvenaria de bloco cerâmico 10x20x20cm, assentado com argamassa de cimento, cal hidratada CH1 e areia no traço 1:0,5:8, amarrada com pilaretes em conc. arm. a cada 2m (H=1.0m), excl. revest. | D74: DER | E74: m | F74: 97.58 | G74: 129.26 | H74: =G74*1.3136 -> 169.8 | I74: =F74*H74 -> 16569.08 | K74: =H74*F74 -> 16569.08
A75: 8.3 | B75: VERGA/CONTRAVERGA | K75: =H75*F75 -> 0
A76: 8.3.1 | B76: 050301 | C76: Verga/contraverga reta de concreto armado moldada in loco 10 x 5 cm, Fck = 15 MPa, inclusive forma, armação e desforma, comprimento inferior a 2.0 metros | D76: DER | E76: m | F76: =175.6 -> 175.6 | G76: 40.88 | H76: =G76*1.3136 -> 53.7 | I76: =F76*H76 -> 9429.72 | K76: =H76*F76 -> 9429.72
A77: SUBTOTAL 08 | I77: =SUM(I71:I76) -> 120342.28 | K77: =H77*F77 -> 0
A78: 9 | B78: ESQUADRIAS | K78: =H78*F78 -> 0
A79: 9.1 | B79: MADEIRA | K79: =H79*F79 -> 0
A80: 9.1.1 | B80: 061302 | C80: Porta em madeira de lei tipo angelim pedra ou equivalente,esp. 30 a 35mm c/ enchimento em madeira 1a qualidade, tipo sarrafeada para pintura, inclusive alizares, dobradiças e fechadura tipo alavanca em latão cromado LaFonte ou equivalente, exclusive marco, nas dimensões: 0,70 x 2,10 m | D80: DER | E80: und | F80: 3 | G80: 929.98 | H80: =G80*1.3136 -> 1221.62 | I80: =F80*H80 -> 3664.86 | K80: =H80*F80 -> 3664.86
A81: 9.1.2 | B81: 061303 | C81: Porta em madeira de lei tipo angelim pedra ou equivalente,esp. 30 a 35mm c/ enchimento em madeira 1a qualidade, tipo sarrafeada para pintura, inclusive alizares, dobradiças e fechadura tipo alavanca em latão cromado LaFonte ou equivalente, exclusive marco, nas dimensões: 0,80 x 2,10 m | D81: DER | E81: und | F81: 3 | G81: 935.74 | H81: =G81*1.3136 -> 1229.19 | I81: =F81*H81 -> 3687.57 | K81: =H81*F81 -> 3687.57
A82: 9.1.3 | B82: 061301 | C82: Porta em madeira de lei tipo angelim pedra ou equivalente,esp. 30 a 35mm c/ enchimento em madeira 1a qualidade, tipo sarrafeada para pintura, inclusive alizares, dobradiças e fechadura tipo alavanca em latão cromado LaFonte ou equivalente, exclusive marco, nas dimensões: 0,60 x 2,10 m | D82: DER | E82: und | F82: 1 | G82: 924.22 | H82: =G82*1.3136 -> 1214.06 | I82: =F82*H82 -> 1214.06 | K82: =H82*F82 -> 1214.06
A83: 9.1.4 | B83: 060101 | C83: Marco de madeira de lei de 1ª (Peroba, Ipê, Angelim Pedra ou equivalente) com 15x3 cm de batente, nas dimensões de 0.60 x 2.10 m | D83: DER | E83: und | F83: 1 | G83: 379.03 | H83: =G83*1.3136 -> 497.89 | I83: =F83*H83 -> 497.89 | K83: =H83*F83 -> 497.89
A84: 9.1.5 | B84: 060102 | C84: Marco de madeira de lei de 1ª (Peroba, Ipê, Angelim Pedra ou equivalente) com 15x3 cm de batente, nas dimensões de 0.70 x 2.10 m | D84: DER | E84: und | F84: 3 | G84: 379.03 | H84: =G84*1.3136 -> 497.89 | I84: =F84*H84 -> 1493.67 | K84: =H84*F84 -> 1493.67
A85: 9.1.6 | B85: 060103 | C85: Marco de madeira de lei de 1ª (Peroba, Ipê, Angelim Pedra ou equivalente) com 15x3 cm de batente, nas dimensões de 0.80 x 2.10 m | D85: DER | E85: und | F85: 3 | G85: 379.03 | H85: =G85*1.3136 -> 497.89 | I85: =F85*H85 -> 1493.67 | K85: =H85*F85 -> 1493.67
A86: 9.2 | B86: METÁLICAS | K86: =H86*F86 -> 0
A87: 9.2.1 | B87: 071701 | C87: Janela de correr para vidro em alumínio anodizado cor natural, linha 25, completa, incl. puxador com tranca, alizar, caixilho e contramarco, exclusive vidro | D87: DER | E87: m² | F87: 46.4 | G87: 530.06 | H87: =G87*1.3136 -> 696.29 | I87: =F87*H87 -> 32307.86 | K87: =H87*F87 -> 32307.86
A88: 9.2.2 | B88: 071702 | C88: Báscula para vidro em alumínio anodizado cor natural, linha 25, completa, com tranca, caixilho, alizar e contramarco, exclusive vidro | D88: DER | E88: m² | F88: 0.42 | G88: 758.83 | H88: =G88*1.3136 -> 996.8 | I88: =F88*H88 -> 418.66 | K88: =H88*F88 -> 418.66
A89: 9.2.3 | B89: 071703 | C89: Janela tipo maximo-ar para vidro em alumínio anodizado natural, linha 25, completa, incl. puxador com tranca, caixilho, alizar e contramarco, exclusive vidro. | D89: DER | E89: m² | F89: 9.28 | G89: 404.78 | H89: =G89*1.3136 -> 531.72 | I89: =F89*H89 -> 4934.36 | K89: =H89*F89 -> 4934.36
A90: 9.2.4 | B90: Cotação | C90: Pele de Vidro da linha PVII | E90: m² | F90: 192.76 | G90: =1362.64*1.8145 -> 2472.51 | H90: =G90*1.3136 -> 3247.89 | I90: =F90*H90 -> 626063.28 | K90: =H90*F90 -> 626063.28
A91: 9.2.5 | B91: 071704 | C91: Porta de abrir tipo veneziana em alumínio anodizado, linha 25, completa, incl. puxador com tranca, caixilho, alizar e contramarco | D91: DER | E91: m² | F91: 22.92 | G91: 896.54 | H91: =G91*1.3136 -> 1177.69 | I91: =F91*H91 -> 26992.65 | K91: =H91*F91 -> 26992.65
A92: SUBTOTAL 09 | I92: =SUM(I80:I91) -> 702768.53 | K92: =H92*F92 -> 0
A93: 10 | B93: VIDROS E ESPELHOS | K93: =H93*F93 -> 0
A94: 10.1 | B94: 080102 | C94: Vidro plano transparente liso, com 4 mm de espessura | D94: DER | E94: m² | F94: 46.98 | G94: 259.44 | H94: =G94*1.3136 -> 340.8 | I94: =F94*H94 -> 16010.78 | K94: =H94*F94 -> 16010.78
A95: 10.2 | B95: 080103 | C95: Vidro fantasia mini-boreal, com 4 mm de espessura | D95: DER | E95: m² | F95: 0.42 | G95: 325.42 | H95: =G95*1.3136 -> 427.47 | I95: =F95*H95 -> 179.54 | K95: =H95*F95 -> 179.54
A96: 10.3 | B96: 102179 | C96: INSTALAÇÃO DE VIDRO TEMPERADO, E = 6 MM, ENCAIXADO EM PERFIL U. AF_01/2021_PS (Porta de Abrir) | D96: SINAPI | E96: m² | F96: 25.62 | G96: 430.1 | H96: =G96*1.3136 -> 564.98 | I96: =F96*H96 -> 14474.79 | K96: =H96*F96 -> 14474.79
A97: 10.4 | B97: 102180 | C97: INSTALAÇÃO DE VIDRO TEMPERADO, E = 8 MM, ENCAIXADO EM PERFIL U. AF_01/2021_PS (Porta de Abrir) | D97: SINAPI | E97: m² | F97: 2.94 | G97: 505.66 | H97: =G97*1.3136 -> 664.23 | I97: =F97*H97 -> 1952.84 | K97: =H97*F97 -> 1952.84
A98: 10.5 | B98: 102181 | C98: INSTALAÇÃO DE VIDRO TEMPERADO, E = 10 MM, ENCAIXADO EM PERFIL U. AF_01/2021_PS (Porta de Correr) | D98: SINAPI | E98: m² | F98: 15.92 | G98: 606.33 | H98: =G98*1.3136 -> 796.48 | I98: =F98*H98 -> 12679.96 | K98: =H98*F98 -> 12679.96
A99: SUBTOTAL 10 | I99: =SUM(I94:I98) -> 45297.91 | K99: =H99*F99 -> 0
A100: 11 | B100: REVESTIMENTO | K100: =H100*F100 -> 0
A101: 11.1 | B101: TETOS, FORROS E PAREDES | K101: =H101*F101 -> 0
A102: 11.1.1 | B102: 120101 | C102: Chapisco de argamassa de cimento e areia média ou grossa lavada, no traço 1:3, espessura 5 mm | D102: DER | E102: m² | F102: 1494.36 | G102: 7.34 | H102: =G102*1.3136 -> 9.64 | I102: =F102*H102 -> 14405.63 | K102: =H102*F102 -> 14405.63
A103: 11.1.2 | B103: 120303 | C103: Reboco tipo paulista de argamassa de cimento, cal hidratada CH1 e areia média ou grossa lavada no traço 1:0.5:6, espessura 25 mm | D103: DER | E103: m² | F103: 1494.36 | G103: 60.67 | H103: =G103*1.3136 -> 79.7 | I103: =F103*H103 -> 119100.49 | K103: =H103*F103 -> 119100.49
A104: 11.1.3 | B104: 110301 | C104: Emboço de argamassa de cimento, cal hidratada CH1 e areia lavada traço 1:0.5:6, espessura 20 mm | D104: DER | E104: m² | F104: 1355.9 | G104: 35.56 | H104: =G104*1.3136 -> 46.71 | I104: =F104*H104 -> 63334.09 | K104: =H104*F104 -> 63334.09
A105: 11.1.4 | B105: 110201 | C105: Forro de gesso acabamento tipo liso | D105: DER | E105: m² | F105: 691.81 | G105: 60.1 | H105: =G105*1.3136 -> 78.95 | I105: =F105*H105 -> 54618.4 | K105: =H105*F105 -> 54618.4
A106: 11.2 | B106: ACABAMENTO | K106: =H106*F106 -> 0
...

Sheet BDI
B2: MODELO - 3º FAIXA
B10: Obra: Construção da Sede da Prefeitura Municipal
B11: Município: Águia Branca / ES
B12: Endereço: Rua DR. Valery Kosvarovik / Praça dos Três Poderes, Bairro Cristo Rei
B14: BDI
B15: DEMONSTRATIVO BDI
B16: ITEM | E16: VALOR
B17: Administração Central | E17: 3.26
B18: Administração Local | E18: 7.63
B19: Impostos/Tributos
B20: ISS | E20: 5
B21: PIS | E21: 0.65
B22: COFINS | E22: 3
B23: Custos Financeiros | E23: 0.61
B24: Riscos, Garantias e Seguro | E24: 1.5
B25: Lucro | E25: 7
B27: FÓRMULA
B29: BDI = { [ (1+AC/100+AL/100+S/100+R/100+G/100+DF/100+L/100) / (1-I/100)] -1} x 100
B33: TOTAL DO BDI | E33: =((E17+E18+E23+E25+E24)/100+1)/(1-(E20+E21+E22)/100)-1 -> 0.3136

Sheet MEMÓRIA DE CALCULO
B1: P R E F E I T U R A M U N I C I P A L D E Á G U I A B R A N C A
A5: MEMORIAL DE CÁLCULO
A6: ITEM | B6: DESCRIÇÃO | C6: UNID. | D6: MEMÓRIA
A8: 1 | B8: SERVIÇOS PRELIMINARES
A9: 1.1 | B9: Raspagem e limpeza do terreno (manual) | C9: m² | D9: Área do Terreno = 1.455,40m² - Vide Projeto Topografia / Prancha 01/01
A10: 1.2 | B10: Locação de obra com gabarito de madeira | C10: m² | D10: Pavimento Térreo = 376,66m² Estacionamento / Pavimentação = 445,95m² Urbanização / Grama = 226,80m² Passeio = 365,35m² Guarita = 9,08m² Total Geral = 1.423,84m²
A11: 1.3 | B11: Equipe topográfica para serviços simples de locação e nivelamento (incluindo equipamento, transporte e profissionais nivel médio) | C11: mês | D11: Equipe = 1,00 x 1,00 ( mês ) = 1,00 mês Total Geral = 1,00mês
A12: 1.4 | B12: Placa de obra nas dimensões de 2.0 x 4.0 m, padrão IOPES | C12: m² | D12: A = 4,00 x 2,00 = 8,00m² Total Geral = 8,00m²
A13: 1.5 | B13: Barracão para escritório com sanitário área de 14.50 m2, de chapa de compens. 12mm e pontalete 8x8cm, piso cimentado e cobertura de telha de fibroc. 6mm, incl. ponto de luz e cx. de inspeção, conf. projeto (1 utilização) | C13: m² | D13: A = 4,83m x 3,00m = 14,50m² Total Geral = 14,50m²
A14: 1.6 | B14: Barracão para almoxarifado área de 10.90m2, de chapa de compensado de 12mm e pontalete 8x8cm, piso cimentado e cobertura de telhas de fibrocimento de 6mm, incl. ponto de luz, conf. projeto (1 utilização) | C14: m² | D14: A = 3,63m x 3,00m = 10,90m² Total Geral = 10,90m²
A15: 1.7 | B15: Refeitório com paredes de chapa de compens. 12mm e pontaletes 8x8cm, piso ciment. e cob. de telhas fibroc. 6mm, incl. ponto de luz e cx. de inspeção (cons. 1.21 m2/func./turno), conf. projeto (1 utilização) | C15: m² | D15: A = 1,21m x 20 = 24,20m² Dim. = 8,06m x 3,00m = 24,20m² Total Geral = 24,20m²
A16: 1.8 | B16: Galpão para serraria e carpintaria área 12.00m2, em peça de madeira 8x8cm e contraventamento de 5x7cm, cobertura de telha de fibroc. de 6mm, inclusive ponto e cabo de alimentação da máquina, conf. projeto (1 utilização) | C16: m² | D16: A = 6,00m x 2,00 = 12,00m² Total Geral = 12,00m²
A17: 1.9 | B17: Galpão para corte e armação com área de 6.00m2, em peças de madeira 8x8cm e contraventamento de 5x7cm, cobertura de telhas de fibroc. de 6mm, inclusive ponto e cabo de alimentação da máquina, conf. projeto (1 utilização) | C17: m² | D17: A = 3,00m x 2,00 = 6,00m² Total Geral = 6,00m²
A18: 1.10 | B18: Reservatório de poliestileno de 1000 L, incl. suporte em madeira de 7x12cm e 8x7cm, elevado de 4m, conf. projeto (1 utilização) | C18: m² | D18: Q = 1,00und Total Geral = 1,00und
A19: 1.11 | B19: Aluguel mensal container sanitário, incl porta, básc, 2 ptos luz, 1 pto aterram., 3vasos, 3lavatórios, calha mictório, 6 chuveiros (1 eletrico), torn.,registros, piso comp. Naval pintado, cert NR18 e laudo descontaminação | C19: m² | D19: Q = 1,00und x 24mês Total Geral = 24,00mês
A20: 1.12 | B20: Rede de luz, incl. padrão entrada de energia trifás., cabo de ligação até barracões, quadro de distrib., disj. e chave de força (quando necessário), cons. 20m entre padrão entrada e QDG, conf. projeto (1 utilização) | C20: m | D20: Total Geral = 20,00 m
... A25: 1.17 | B25: Locação de andaime metálico para trabalho em fachada de edifíco (aluguel de 1 m² por 1 mês) inclusive frete, montagem e desmontagem | C25: m² | D25: Q = 22,76+5,11+15,46+12,32+1,64+3,70+11,50+9,44+5,30+3,10+3,65+6,10 = 100,08m x h=(8,00m) x 16mês = 12.810,24m² Total Geral = 12.810,24m²
A26: 2.1 | B26: ESTAQUEAMENTO
A27: 2.1.1 | B27: ESTACA BROCA DE CONCRETO, DIÂMETRO DE 20CM, ESCAVAÇÃO MANUAL COM TRADO CONCHA, COM ARMADURA DE ARRANQUE. AF_05/2020 | C27: m | D27: C20 = B3(5,0 x 1) + B47(2,0 x 1) + B41/42/44/45(4,0 x 4) = 23 und x H(12,00 m) = 276m Total Geral = 276,00m
A28: 2.1.2 | B28: ESTACA BROCA DE CONCRETO, DIÂMETRO DE 25CM, ESCAVAÇÃO MANUAL COM TRADO CONCHA, COM ARMADURA DE ARRANQUE. AF_05/2020 | C28: m | D28: C23 = B1/4/5/12/17/25/32/48(3,0 x 8) + B6/7/16(2,0 x 3) + B8/10/15/27(6,0 x 4) + B22(7,0 x 1) + B13/43(5,0 x 2) + B49(2,0 x 1) + B39/40(3,0 x 2) + B50/51(2,0 x 2) + B21(4,0 x 1) + B36(6,0 x 1) = 93 und x H(10,00 m) = 930m Total Geral = 930,00m
A29: 2.1.3 | B29: ESTACA ESCAVADA MECANICAMENTE, SEM FLUIDO ESTABILIZANTE, COM 25CM DE DIÂMETRO, CONCRETO LANÇADO MANUALMENTE (EXCLUSIVE MOBILIZAÇÃO E DESMOBILIZAÇÃO). AF_01/2020 | C29: m | D29: C26 = B28/52(2,0x2) + B2/9/20/23/24/26/31/33/34(3,0 x 9) + B30/35(3,0 x 2) + B11/14/18(5,0 x 3) + B29(2,0 x 1) + B19(2,0 x 1) + B38(2,0 x 1) = 58 und x H(10,00m) = 580m Total Geral = 580,00m
A30: 2.1.4 | B30: ESTACA ESCAVADA MECANICAMENTE, SEM FLUIDO ESTABILIZANTE, COM 40CM DE DIÂMETRO, CONCRETO LANÇADO POR CAMINHÃO BETONEIRA (EXCLUSIVE MOBILIZAÇÃO E DESMOBILIZAÇÃO). AF_01/2020 | C30: m | D30: C33= B37(2,0 x 1) + B46(2,0 x 1)= 4 und x H(12,00m) = 48,00m Total Geral = 48,00m
A31: 2.1.5 | B31: Demolição manual de concreto armado (EMOP 05.001.033) | C31: m³ | D31: Arrasamento de Estaca ø20cm = (3,1416 x 0,20²)/4 x 1,50 x 23 = 1,08m³ Arrasamento de Estaca ø25cm = (3,1416 x 0,25²)/4 x 1,50 x 151 = 11,12m³ Arrasamento de Estaca ø40cm = (3,1416 x 0,40²)/4 x 1,50 x 4 = 0,75m³ Total Geral = 12,95m³
A32: 3 | B32: MOVIMENTAÇÃO DE TERRA
A33: 3.1 | B33: Escavação manual em material de 1a. categoria, até 1.50 m de profundidade | C33: m³ | D33: Vescavação = (B + 40cm) x (L + 40cm) x (H + 10cm) B1/4/5/12/17/25/32/48/39/40 = (1,19 x 1,03) = (1,59 x 1,43) x 1,5 x 10 = 34,11m³ B2/9/20/23/24/26/31/33/34/30/35 = (1,30 x 1,12) = (1,70 x 1,52) x 1,50 x 11 = 42,64m³ B3 = (1,21 x 1,21) = (1,61 x 1,61 x 1,50) = 3,89m³ B6/16/7 = (1,11 X 0,53) = (1,51 x 0,93) x 1,50 x 3 = 6,32m³ B37 = (1,46 x 0,63) = (1,86 x 1,03) x 1,50 x 1 = 2,87m³ B47 = (1,00 x 0,50) = (1,40 x 0,90) x 1,50 = 1,89m³ B8/10/15/27 = (1,69 x 1,11) = (2,09 x 1,51) x 1,50 x 4 = 18,94m³ B22 = (2,35 x 1,03) = (2,75 x 1,43) x 1,50 = 5,90m³ B13/43 = (1,35 x 1,35) = (1,75 x 1,75) x 1,50 x 2 = 9,19m³ B11/14/18 = (1,48 x 1,48) = (1,88 x 1,88) x 1,50 x 3 = 15,90m³ B41/42/44/45 = (1,00 x 1,00) = (1,40 x 1,40) x 1,50 x 4 = 11,76m³ B21 = (1,11 x 1,11) = (1,51 x 1,51) x 1,50 = 3,42m³ B36 = (1,69 x 1,11) = (2,09 x 1,51) x 1,50 = 4,73m³ B49/50/51 = (1,11 x 0,53) = (1,51 x 0,93) x 1,50 x 3 = 6,32m³ B46 = (1,46 x 0,63) = (1,86 x 1,03) x 1,50 = 2,87m³ B19/38/29/28/52 = (1,21 x 0,56) = (1,61 x 1,06) x 1,50 x 5 = 12,80m³ Total Escavação Blocos = 183,55m³ Vigas de Baldrame (14x30) (22,69+1,69+2x1,99+4,73+2,79+9,35+3+6,01+3,32+5,28+2x1,99+2x7,14+5,12+15,58 3x1,11+9,93+3x3,67+1,52+9,47) = (137,06 x 0,54 x 0,35) = 25,90m³ Total Escavação Vigas de Baldrame = 25,90m³ Total Geral = 209,45m³
A34: 3.2 | B34: Reaterro apiloado de cavas de fundação, em camadas de 20 cm | C34: m³ | D34: V= Volume de escavação dos blocos de fundação - volume de concreto dos blocos de fundação - volume dos pilaretes de arranque: V = 209,45 - 37,72 = 171,73m² Total Geral = 171,73m³
A35: 3.3 | B35: Aterro manual para regularização do terreno em areia, inclusive adensamento hidráulico e fornecimento do material (máximo de 100m3) | C35: m³ | D35: V = 376,66m² x 0,70m = 263,66m³ Total Geral = 263,66m³
A36: 4 | B36: INFRA-ESTRUTURA
A37: 4.1 | B37: Fornecimento, preparo e aplicação de concreto magro com consumo mínimo de cimento de 250 kg/m3 (brita 1 e 2) - (5% de perdas já incluído no custo) | C37: m³ | D37: V = área Bloco x 0,05cm B1/4/5/12/17/25/32/48/39/40 = (1,19 x 1,03) 0,05 x 10 = 0,61m³ B2/9/20/23/24/26/31/33/34/30/35 = (1,30 x 1,12) x 0,05 x 11 = 0,80m³ B3 = (1,21 x 1,21) 0,05 = 0,07m³ B6/16/7 = (1,11 X 0,53) x 0,05 x 3 = 0,09m³ B37 = (1,46 x 0,63) x 0,05 = 0,04m³ B47 = (1,00 x 0,50) x 0,05 = 0,02m³ B8/10/15/27 = (1,69 x 1,11) x 0,05 x 4 = 0,38m³ B22 = (2,35 x 1,03) x 0,05 = 0,12m³ B13/43 = (1,35 x 1,35) x 0,05 x 2 = 0,18m³ B11/14/18 = (1,48 x 1,48) x 0,05 x 3 = 0,33m³ B41/42/44/45 = (1,00 x 1,00) x 0,05 x 4 = 0,20m³ B21 = (1,11 x 1,11) x 0,05 = 0,06m³ B36 = (1,69 x 1,11) x 0,05 = 0,09m³ B49/50/51 = (1,11 x 0,53) x 0,05 x 3 = 0,09m³ B46 = (1,46 x 0,63) x 0,05 = 0,05m³ B19/38/29/28/52 = (1,21 x 0,56) x 0,05 x 5 = 0,17m³ Total Magro Blocos = 3,30m³ Vigas de Baldrame (14x30) (22,69+1,69+2x1,99+4,73+2,79+9,35+3+6,01+3,32+5,28+2x1,99+2x7,14+5,12+15,58+3x1,11+9,93+3x3,67+1,52+9,47) = (137,06 x 0,20 x 0,05) = 1,37m³ Total Magro Vigas de Baldrame = 1,37m³ Total Geral = 4,67m³
A38: 4.2 | B38: Fôrma de tábua de madeira de 2.5x30.0cm, levando-se em conta utilização 3 vezes (incluindo o material, corte, montagem, escoramento e desforma) | C38: m² | D38: INFRA-ESTRUTURA Blocos de Fundação: Prancha 02/35 = 44,40m² Prancha 03/35 = 30,98m² Prancha 04/35 = 30,27m² Prancha 05/35 = 30,97m² Vigas do Baldrame: Prancha 19/35 = 98,97m² Total Geral= 235,59m²
A39: 4.3 | B39: Fornecimento, preparo e aplicação de concreto Fck = 30 MPa (com brita 1 e 2) - (5% de perdas já incluído no custo) | C39: m³ | D39: INFRA-ESTRUTURA Blocos de Fundação: Prancha 02/35 = 11,31m³ Prancha 03/35 = 7,61m³ Prancha 04/35 = 6,81m³ Prancha 05/35 = 6,37m³ Vigas do Baldrame: Prancha 19/35 = 5,62m³ Total Geral= 37,72m³
A40: 4.4 | B40: Fornecimento, dobragem e colocação em fôrma, de armadura CA-50 A média, diâmetro de 6.3 a 10.0 mm | C40: kg | D40: INFRA-ESTRUTURA Blocos de Fundação: Prancha 02/35 = 163,30Kg Prancha 03/35 = 101,60Kg Prancha 04/35 = 122,40Kg Prancha 05/35 = 93,70Kg Vigas do Baldrame: Prancha 19/35 = 346,70Kg Total Geral= 827,70Kg
A41: 4.5 | B41: Fornecimento, dobragem e colocação em fôrma, de armadura CA-50 A grossa diâmetro de 12.5 a 25.0 mm (1/2 a 1") | C41: kg | D41: INFRA-ESTRUTURA Blocos de Fundação: Prancha 02/35 = 92,2Kg Prancha 03/35 = 155,50Kg Prancha 04/35 = 147,30Kg Prancha 05/35 = 68,90Kg Vigas do Baldrame: Prancha 19/35 = 3,20Kg Total Geral= 467,10Kg
A42: 4.6 | B42: Fornecimento, dobragem e colocação em fôrma, de armadura CA-60 B fina, diâmetro de 4.0 a 7.0mm | C42: kg | D42: INFRA-ESTRUTURA Blocos de Fundação: Prancha 02/35 = 160,80Kg Prancha 03/35 = 107,30Kg Prancha 04/35 = 110,00Kg Prancha 05/35 = 106,70Kg Vigas do Baldrame: Prancha 19/35 = 105,80Kg Total Geral= 590,60Kg
A43: 5 | B43: SUPRA-ESTRUTURA
A44: 5.1 | B44: Fôrma com chapa compensada plastificada esp. 12mm, utização 5 vezes | C44: m² | D44: VIGAS DO TÉRREO Área = 258,56M² LAJES DO TÉRREO Área = 34,05m² VIGAS 01 PAVIMENTO Área = 242,93m² LAJES DO 01 PAVIMENTO Área = 18,10m² VIGAS COBERTURA Área = 266,44m² LAJE TÉCNICA Área = 30,92m² PILARES Área = 478,43m² ESCADA Área = 30,00m² TOTAL GERAL=1.359,43m²
A45: 5.2 | B45: Fornecimento e aplicação de concreto USINADO Fck=30 MPa - considerando BOMBEAMENTO (5% de perdas já incluído no custo) (6% de taxa p/ concr. bombeavel) | C45: m³ | D45: VIGAS TÉRREO Volume = 15,58m³ LAJES DO TÉRREO Volume = 26,42m³ VIGAS 01 PAVIMENTO Volume = 14,49m³ LAJES DO 01 PAVIMENTO Volume = 18.63m³ VIGAS COBERTURA Volume = 14,84m³ LAJES COBERTURA Volume = 21,40m³ PILARES Volume = 25,44m³ LAJE TÉCNICA Volume= 1,84m³ ESCDA Volume = 3,12m³ TOTAL GERAL = 141,76m³
A46: 5.3 | B46: Fornecimento, dobragem e colocação em fôrma, de armadura CA-50 A média, diâmetro de 6.3 a 10.0mm | C46: kg | D46: Armadura Média = 1.191,02 + 2.515,00 = 3.706,02 Kg TOTAL GERAL = 3.706,02 Kg
A47: 5.4 | B47: Fornecimento, dobragem e colocação em fôrma, de armadura CA-50 A grossa, diâmetro de 12.5 a 25.0mm | C47: kg | D47: Armadura Grossa = 1.983,40 + 664,90 = 2.648,30 Kg TOTAL GERAL = 2.648,30 Kg
A48: 5.5 | B48: Fornecimento, dobragem e colocação em fôrma, de armadura CA-60 B fina, diâmetro de 4.0 a 7.0mm | C48: kg | D48: Armadura Fina = 762,60 + 828,30 = 1.590,90 kg TOTAL GERAL = 1.590,90 Kg
A49: 6 | B49: LAJE
A50: 6.1 | B50: Laje pré-moldada, sobrecarga 300 Kg/m2, vão de 5.0m a 5.7m, capeamento 4cm, esp. 16cm, Fck = 150 Kg/cm2 | C50: m² | D50: TÉRREO A = {(7,25 x 6,01) + (15,44 x 14,34) + (3 x 1) + [(1,62 x 3,53) / 2 ] + (5,92 x 7,23) + (1,52 x 1,88) + [(3,88 x 8,27) /2] + [(2,04 x 0,95) / 2]-[(1,71 x 1,71)]} = 330,59m² PV 01 A = {(22,69 x 6,01) + (7,02 x 3,18) + [(6,82 x 3,18) / 2] + (5,94 x 15,46) - (1,71 x 1,71)} = 258,42m² PV 02 A = {(6,01 x 22,69) + (7,06 x 8,33) + [(5,15 x 2,37) / 2] + (14,78 x 6,09) + [(0,35 x 0,75) / 2] + [(3,17 + 1,74) x 3,07] / 2 + [(5,32 x 2,47) / 2] - 2,92} = 302,62m² PV 03 A= (6,10 x 4,4) = 26,84m² Total Geral = 918,47 m²
A51: 7 | B51: COBERTURA
A52: 7.1 | B52: Estrutura de madeira de lei tipo Paraju ou equivalente para telhado de telha ondulada de fibrocimento esp. 6mm, com pontaletes e caibros, inclusive tratamento com cupinicida, exclusive telhas | C52: m² | D52: A1 = 3,09 x 1,75 = 5,41m² A2 = (5,50 x 2,56)/2 = 7,04m² A3 = 9,68 x 8,77 = 84,89m² A4 = 5,50 x 6,23 = 34,27m² A5 = 5,22 x 22,30 = 116,41m² A6 = 3,22 x 12,71 = 40,93m² A7 = 5,15 x 9,06 = 46,66m² A8 = 3,65 x 2,00 = 7,30 Total Geral = 342,91m²
A53: 7.2 | B53: Cobertura nova de telhas de alumínio trapezoidal, H = 8 cm, esp. 0.5mm, inclusive acessórios de fixação | C53: m² | D53: A1 = 3,09 x 1,75 = 5,41m² A2 = (5,50 x 2,56)/2 = 7,04m² A3 = 9,68 x 8,77 = 84,89m² A4 = 5,50 x 6,23 = 34,27m² A5 = 5,22 x 22,30 = 116,41m² A6 = 3,22 x 12,71 = 40,93m² A7 = 5,15 x 9,06 = 46,66m² A8 = 3,65 x 2,00 = 7,30 Total Geral = 342,91m²
A54: 7.3 | B54: Rufo de chapa metálica nº 26 com largura de 30 cm | C54: m | D54: C = 3,34 + 1,75 + 5,43 + 11,42 + 6,06 + 6,23 + 6,16 + 5,13 + 0,74 + 4,91 + 5,48 + 4,12 + 4,12 + 6,16 + 10,67 + 5,22 + 3,22 + 5,15 + 3,65 + 9,06 = 108,02m Total Geral = 108,02m
A55: 7.4 | B55: Soleira de granito esp. 2 cm e largura de 15 cm | C55: m | D55: C = 3,76 + 1,65 + 5,80 + 15,63 + 5,07 + 22,82 + 6,11 + 3,65 + 3,15 + 3,86 + 5,51 + 9,45 + 11,5 = 97,96 x 2 = 195,92m Total Geral= 195,92m
A56: 7.5 | B56: Calha de concreto armado Fck=15 MPa em "U" nas dimensões de 38 x 56 cm conforme detalhes em projeto | C56: m | D56: C = 15,18 + 22,30 = 37,48m Total Geral = 37,48m
A57: 7.6 | B57: Impermeabilização com argamassa de igol 2 - marca de referência Sika | C57: m² | D57: C = 37,48 x (0,38+0,56+0,38) = 49,47m² Total Geral = 49,47m²
A58: 8 | B58: PAREDES E PAINEIS
A59: 8.1 | B59: ALVENARIA
A60: 8.1.1 | B60: Alvenaria de blocos cerâmicos 10 furos 10x20x20cm, assentados c/argamassa de cimento, cal hidratada CH1 e areia traço 1:0,5:8, juntas 12mm e esp. das paredes s/revestimento, 10cm (bloco comprado na praça de Vitória, posto obra) | C60: m² | D60: PV 01 A1 = (1,65 + 2,15 + 15,60) x 2,75 - (0,70 x 2,10) - 6 x (0,40 x 2,75) = 45,28m² A2 = (5,55 + 4,15 + 3,65 + 5,55 + 1,40) x 2,75 - 3x (0,80x2,10) - 1,00 x 2,10 - 3 x (0,40 x 2,75) - 3x ( 0,20x 2,75) = 43,74m² A3 = (5,10 + 6,02 + 5x 4,15 + 5,55 + 1,85) x 2,75 - 8x(0,40x2,75) - 6x(0,15 x 2,75) - (0,50x0,75) - 4x( 0,80 x 2,10)= 89,61m² A4 = (2,21 + 1,50 + 12,30) x 2,75 - 4x (0,14x 2,75) - (0,40x2,75) - 2x(0,90 x 2,10) - 3 x (0,80x2,10)= 36,96m² A5 = (3,00x2,75) - (2,00x2,50) = 3,25m² PV 02 A1 = (12,09 + 5,55 + 2x4,00 + 7,30) x 2,75 - 4x (0,80x2,10)- 5 x (0,40x2,75) - 7 x (0,14x2,75)= 75,67m² A2 = (5,10 + 2,20 + 6,02) x 2,75 - (0,50 x 0,75) - 2 x (0,80 x 2,10) - (0,40 x 2,75) - (0,14 x 2,75)= 23,15m² A3 = (4,00 x4,15) + 1,85 + 5,55) x 2,75 - (0,50x0,75) - 2x(0,80x2,10) - (0,40x 2,75) - (0,14x 2,75)= 55,65m² A4 = ( 1,50 + 1,50 + 9,65) x 2,75 - 2x (0,80x2,10) - 4x (0,14x2,75) = 29,89 PV 03 (4,40 + 2,21 + 2,39)x 3,35 + (3,50 + 1,59) x 2,20 - 2x (0,14x3,35) - (0,40 x 3,35)= 39,07m² GUARITA (2,00 + 3,95 + 2,30 + 3,95 + 2,00) x 2,75 - (0,70x2,10) - (0,60x2,10) - (0,80x2,10)- (0,60x0,70) = 34,22m² RAMPA (0,50 X 0,15) X 6,50 = 0,49m² ELEVAÇÃO (15,60 + 5,10 + 22,76 + 6,05 + 3,65 + 3,15 + 3,50 + 4,85 + 9,14 + 9,56) x 0,70 - 8x (0,40x0,70) - 13x (0,14x0,70) - 2x(0,27 x 0,70)= 54,46m² Total Geral = 531,17m²
A61: 8.1.2 | B61: Alvenaria de blocos cerâmicos 10 furos 10x20x20cm, assentados c/argamassa de cimento, cal hidratada CH1 e areia traço 1:0.5:8, juntas 12mm e espessura das paredes, s/ revestimento, 20cm(bloco comprado praça de Vitória, posto obra) | C61: m² | D61: PV 01 A1 = (15,60 x 2,75) - 4 x (0,14 x 2,75) - 0,40x2,75 - 0,80x2,10 - 4x (2,00x 1,45) = 26,98m² A2 = (5,95 x 2,75) - (0,14 x 2,75) - (0,40 x 2,75) - (0,65 x 0,65)= 14,45m² A3 = (22,76 x 2,75) - 8 x (0,14x2,75) - 4 x (2x1,45) - 2x (1,50x0,75) - 2x (0,70x0,70) = 44,68m² A4 = (6,05 x 2,75) - 2 x (0,40x2,75) = 14,44m² A5 = (7,45 x 2,75) - 2x (0,14x2,75) - 2 x (0,40x2,75) = 17,52m² A6 = (3,47 + 2,57) x 2,75 = 16,61m² PV 02 A1 = (15,60 x 2,75) - 4 x (0,14 x 2,75) - 0,40x2,75 - 4x (2,00x 1,45) = 28,66m² A2 = (5,95 x 2,75) - (0,14 x 2,75) - (0,40 x 2,75) - (0,65 x 0,65)= 14,45m² A3 = (22,76 x 2,75) - 8 x (0,14x2,75) - 4 x (2x1,45) - 2x (1,50x0,75) - 2x (0,70x0,70) = 44,68m² A4 = (6,05 x 2,75) - 2 x (0,40x2,75) = 14,44m² A5 = (7,45 x 2,75) - 2x (0,14x2,75) - 2 x (0,40x2,75) = 17,52m² A6 = (3,47 + 2,57) x 2,75 = 16,61m² PV 03 A1 = (6,15 x 3,35) - 3 x (0,14x2,75) - (1,50x0,75) - (0,70x2,10) = 16,60m² Total Geral = 287,64m²
A62: 8.2 | B62: PLATIBANDA
A63: 8.2.1 | B63: Platibanda de alvenaria de bloco cerâmico 10x20x20cm, assentado com argamassa de cimento, cal hidratada CH1 e areia no traço 1:0,5:8, amarrada com pilaretes em conc. arm. a cada 2m (H=1.0m), excl. revest. | C63: m | D63: C = 9,56 + 1,65 + 15,64 + 5,13 + 22,82 + 6,10 + 3,65 + 3,15 + 3,50 + 5,30 + 9,45 + 11,63 = 97,58m Total Geral = 97,58m
A64: 8.3 | B64: VERGA/CONTRAVERGA
A65: 8.3.1 | B65: Verga/contraverga reta de concreto armado 10 x 5 cm, Fck = 15 MPa, inclusive forma, armação e desforma | C65: m | D65: C = 16 x 2 x (2,00 + 0,60) = 83,20m C = 1 x (2,00 + 0,60) = 2,60m C = 4 x 2 x (1,50 + 0,60) = 16,80m C = 4 x 2 x (0,70 + 0,60) = 10,40m C = 1 x (0,70 + 0,60) = 1,30m C = 1 x 4 x (0,50 + 0,60) = 4,40m C = 1 x 2 x (0,65+ 0,60) = 2,50m C = 8 x (0,60 + 0,60) = 9,60m C = 4 x (0,90 + 0,60) = 6,00m C = 21 x (0,80 + 0,60) = 29,40m C = (1,00 + 0,60) = 1,60m C = (1,40 + 0,60) = 2,00m C = (5,20 + 0,60) = 5,80m Total Geral = 175,60m
A66: 9 | B66: ESQUADRIAS
A67: 9.1 | B67: MADEIRA
A68: 9.1.1 | B68: Porta em madeira de lei tipo angelim pedra ou equiv.c/enchimento em madeira 1a.qualidade esp. 30mm p/ pintura, inclusive alizares, dobradiças e fechadura externa em latão cromado LaFonte ou equiv., exclusive marco, nas dim.: 0.70 x 2.10 m | C68: und | D68: TOTAL GERAL = 3 Unidades
A69: 9.1.2 | B69: Porta em madeira de lei tipo angelim pedra ou equiv.c/enchimento em madeira 1a.qualidade esp. 30mm p/ pintura, inclusive alizares, dobradiças e fechadura externa em latão cromado LaFonte ou equiv., exclusive marco, nas dim.: 0.80 x 2.10 m | C69: und | D69: TOTAL GERAL = 3 Unidades
A70: 9.1.3 | B70: Porta em madeira de lei tipo angelim pedra ou equiv.c/enchimento em madeira 1a.qualidade esp. 30mm p/ pintura, inclusive alizares, dobradiças e fechadura externa em latão cromado LaFonte ou equiv., exclusive marco, nas dim.:0.60 x 2.10 m | C70: und | D70: TOTAL GERAL = 1 Unidade
A71: 9.1.4 | B71: Marco de madeira de lei de 1ª (Peroba, Ipê, Angelim Pedra ou equivalente) com 15x3 cm de batente, nas dimensões de 0.60 x 2.10 m | C71: und | D71: TOTAL GERAL = 1 Unidade
A72: 9.1.5 | B72: Marco de madeira de lei de 1ª (Peroba, Ipê, Angelim Pedra ou equivalente) com 15x3 cm de batente, nas dimensões de 0.70 x 2.10 m | C72: und | D72: TOTAL GERAL = 3 Unidades
A73: 9.1.6 | B73: Marco de madeira de lei de 1ª (Peroba, Ipê, Angelim Pedra ou equivalente) com 15x3 cm de batente, nas dimensões de 0.80 x 2.10 m | C73: und | D73: TOTAL GERAL = 3 Unidades
A74: 9.2 | B74: METÁLICAS
A75: 9.2.1 | B75: Janela de correr para vidro em alumínio anodizado cor natural, linha 25, completa, incl. puxador com tranca, alizar, caixilho e contramarco, exclusive vidro | C75: m² | D75: 16 x (2 x 1,45) = 37,7m² TOTAL GERAL = 46,40m²
A76: 9.2.2 | B76: Báscula para vidro em alumínio anodizado cor natural, linha 25, completa, com tranca, caixilho, alizar e contramarco, exclusive vidro | C76: m² | D76: 1 x (0,65 x 0,65) = 0,42m² TOTAL GERAL = 0,42m²
A77: 9.2.3 | B77: Janela tipo maximo-ar para vidro em alumínio anodizado natural, linha 25, completa, incl. puxador com tranca, caixilho, alizar e contramarco, exclusive vidro. | C77: m² | D77: 4 x (1,5 x 0,75) = 4,50m² 4 x (0,7 x 0.7) = 1,96m² 2 x (0,5 x 0,75) = 0,75m² 1 x (0,6 x 0,7) = 0,42m² 1 x (2,2 x 0,75) = 1,65m² TOTAL GERAL = 9,28m²
A78: 9.2.4 | B78: Pele de Vidro da linha PVII | D78: A = (1,65 + 0,60) x 7,69 = 17,31m² A = (0,60 + 0,60) x 7,67 = 9,21m² A = (5,52 x 5,94) – (2,54 x 2,37) = 32,79 – 6,02 = 26,77m² A = (3,15 + 3,50) x 5,94 = 39,50m² A = (11,48+3,70 + 1,65) x 5,94 = 99,97m² TOTAL GERAL = 192,76m²
A79: 9.2.5 | B79: Porta de abrir tipo veneziana em alumínio anodizado, linha 25, completa, incl. puxador com tranca, caixilho, alizar e contramarco | C79: m² | D79: 8 x (0,6 x 1,80 ) = 8,64m² 4 x (0,9 x 2,10) = 7,56m² 4 x (0,8 x 2,10) = 6,72m² TOTAL GERAL = 22,92m²
A80: 10 | B80: VIDROS E ESPELHOS
A81: 10.1 | B81: Vidro plano transparente liso, com 4 mm de espessura | C81: m² | D81: 13 x (2 x 1,45) = 37,7m² 4 x (1,5 x 0,75) = 4,5m² 4 x (0,7 x 0,7) = 1,96m² 2 x (0,5 x 0,75) = 0,75m² 1 x (0,6 x 0,7) = 0,42m² 1 x (2,2 x 0,75) = 1,65m² TOTAL GERAL = 46,98m²
A82: 10.2 | B82: Vidro fantasia mini-boreal, com 4 mm de espessura | C82: m² | D82: 1 x (0,65 x 0,65) = 0,42m² TOTAL GERAL= 0,42m²
A83: 10.3 | B83: Vidro temperado Incolor, esp. 6 mm fornecimento e instalação inclusive massa para vedação ( Porta de Abrir) | C83: m² | D83: PV 01 A = (0,80 X 2,10) X 7 = 11,76m² A = (1,00 X 2,10) = 2,10m² PV 02 A = (0,80 X 2,10) X 7 = 11,76m² TOTAL GERAL = 25,62m²
A84: 10.4 | B84: Vidro temperado Incolor, esp. 8 mm fornecimento e instalação inclusive massa para vedação ( Porta de Abrir) | C84: m² | D84: PV 01 A = (1,40 X 2,10) = 2,94m² TOTAL GERAL = 2,94m
A85: 10.5 | B85: Vidro temperado Incolor, esp. 10 mm fornecimento e instalação inclusive massa para vedação ( Porta de Correr) | C85: m² | D85: PV 01 A = (2,00 X 2,50) = 5,00m² PV 02 A = (5,20 x 2,10) = 10,92m² TOTAL GERAL = 15,92m²
A86: 11 | B86: REVESTIMENTO
A87: 11.1 | B87: TETOS, FORROS E PAREDES
A88: 11.1.1 | B88: Chapisco de argamassa de cimento e areia média ou grossa lavada, no traço 1:3, espessura 5 mm | C88: m² | D88: TERREO A = (9,45 + 5,30 + 3,50 + 3,15 + 3,65 + 6,05 + 22,76 + 5,11 + 15,60 + 7,36 + 11,48 + 3,70 + 1,65) x 0,70 = 69,13m² PV01 Sala 1 = (7,91 + 5,55) x 2 x 2,75 - 2 x (0,80 x 2,10 ) - (2,00 x 1,45) - (0,70 x 2,10) = 66,30m² Banheiro = (2,00+1,50) x 2 x 2,75 -(0,70 x 2,10) - (0,65 x 0,65) = 17,36m² Sala 2 = (7,15 + 5,55) x 2 x 2,75 - (0,80 x 2,10 ) - 1,00 x 2,10 - 2,00 x 1,45 = 66,30m² Sala 3 = (4,00 + 3,50) x 2 x 2,75 - 2 x (0,80 x 2,10 ) - (2,00 x 1,45) = 34,99m² Cozinha = (2,21 + 0,77 + 2,44 + 1,80) x 2,75 - (0,80 x 2,10) - (0,50 x 0,75) = 17,80m² 2 Banheiros = ((2,21 + 4,00) x 2 x 2,75 - (1,50 x 0,75) - (0,80 x 2,10) x 2) = 62,70m² 2 Banheiros P.D.F.= ((1,50 + 2,35) x 2 x 2,75 - (0,70 x 0,70) - (0,90 x 2,10) x 2) = 37,59m² Sala 4 = (3,50 + 4,00) x 2 x 2,75 - (0,80 x 2,10) - (2,00 x 1,45) = 36,67m² Sala 5 = (3,50 + 4,00) x 2 x 2,75 - (0,80 x 2,10) - (2,00 x 1,45) = 36,67m² Sala 6 = (2,50 + 4,00) x 2 x 2,75 - (0,80 x 2,10) - (2,00 x 1,45) = 31,17m² Sala 7 = (5,55 + 4,40) x 2 x 2,75 - (0,80 x 2,10) - (2,00 x 1,45) = 50,15m² Escada = 3,80 x 2,90 = 11,02m² Circulação = (15,46 + 1,40 + 2,65 + 0,25 + 0,30 + 2,60 + 2,57 + 0,80 + 0,80 + 0,30 x 4 + 3,28 + 1,00 + 3,52 + 3 x 1,65) - 8 x (0,80 x 2,10) - 2 x (0,90x2,10) - (1,00x2,10) = 21,46m² PV 02 Sala 8 = (5,55 + 7,91) x 2 x 2,75 - 2x(2,00 x 1,45) -(0,80x2,10) = 66,55m² Sala 9 = (3,50 + 4,00) x 2 x 2,75 - 2 x (0,80 x 2,10) - (2,00 x 1,45) = 34,99m² Sala 10 = (3,50 + 4,00) x 2 x 2,75 - 2 x (0,80 x 2,10) - (2,00 x 1,45) = 34,99m² Sala 11 = (3,50 + 4,00) x 2 x 2,75 - (2,00 x 1,45) - (0,80 x 2,10) = 36,67m² Sala 12 = (3,50 + 4,00) x 2 x 2,75 - (2,00x1,45) - (0,80x2,10) = 36,67m² Sala 14 = (5,53 + 7,05) x 2 x 2,75 - (0,80 x 2,10) - 2 x ( 2,00 x 1,45)= 61,71m² Escada = 3,80 x 2,90 = 11,02 m² Circulação = ((0,30 x 3) + 1,65 + 2,60 + (12 x 0,30) + 2,57 + 12,81 + (3 x 1,65) + 3,53 + 1,63) x 2,75) - 6 x (0,80 x 2,10) - 2 x ( 0,90 x 2,10) - 1,71= 78,59m² Rampa = (12,09 x 2,90) = 35,06m² Elevador = (1,71 + 1,86) x 2 x 8,30 - 2 x (2,30 x 1,71) = 51,40m² Circulação = (1,40 + 7,30 + 3,79 + 0,41) x 2,75 - 3 x (0,80 x 2,10) = 30,44m² Dml = (1,80 + 0,77 + 2,21 + 2,43) x 2,75 - (0,50 x 0,75) - (0,80 x 2,10) = 17,77m² 2 Banheiro = ((2,21 + 4,00) x 2 x 2,75 - (0,80 x 2,10) - (1,50 x 0,75)) x 2 = 62,70m² 2 Banheiro P.D.F. = ((1,50 + 2,35) x 2 x 2,75 - (0,90 x 2,10) - (0,70x0,70)) x 2 = 37,59m² EXTERNO A =((10 x (0,14 x 0,40) + (7 x 0,30) + (0,50 x 0,15) +2 x 5,95 + 2 x 15,61 + 2 x 5,11 + 2 x 22,76 + 2 x 6,05 + 3,65 +2 x 2,60 + 2 x 2,57 + 3,79 + 1,00) x 2,90) - 16 x (2,00 x 1,45) - 2 x (0,50x0,75) - 4 x (1,50x0,75) - 3 x (0,70x0,70) = 394,62 - 55,72 = 338,90m² Total Geral = 1494,36m²
A89: 11.1.2 | B89: Reboco tipo paulista de argamassa de cimento, cal hidratada CH1 e areia média ou grossa lavada no traço 1:0.5:6, espessura 25 mm | C89: m² | D89: TERREO A = (9,45 + 5,30 + 3,50 + 3,15 + 3,65 + 6,05 + 22,76 + 5,11 + 15,60 + 7,36 + 11,48 + 3,70 + 1,65) x 0,70 = 69,13m² PV01 Sala 1 = (7,91 + 5,55) x 2 x 2,75 - 2 x (0,80 x 2,10 ) - (2,00 x 1,45) - (0,70 x 2,10) = 66,30m² Banheiro = (2,00+1,50) x 2 x 2,75 -(0,70 x 2,10) - (0,65 x 0,65) = 17,36m² Sala 2 = (7,15 + 5,55) x 2 x 2,75 - (0,80 x 2,10 ) - 1,00 x 2,10 - 2,00 x 1,45 = 66,30m² Sala 3 = (4,00 + 3,50) x 2 x 2,75 - 2 x (0,80 x 2,10 ) - (2,00 x 1,45) = 34,99m² Cozinha = (2,21 + 0,77 + 2,44 + 1,80) x 2,75 - (0,80 x 2,10) - (0,50 x 0,75) = 17,80m² 2 Banheiros = ((2,21 + 4,00) x 2 x 2,75 - (1,50 x 0,75) - (0,80 x 2,10) x 2) = 62,70m² 2 Banheiros P.D.F.= ((1,50 + 2,35) x 2 x 2,75 - (0,70 x 0,70) - (0,90 x 2,10) x 2) = 37,59m² Sala 4 = (3,50 + 4,00) x 2 x 2,75 - (0,80 x 2,10) - (2,00 x 1,45) = 36,67m² Sala 5 = (3,50 + 4,00) x 2 x 2,75 - (0,80 x 2,10) - (2,00 x 1,45) = 36,67m² Sala 6 = (2,50 + 4,00) x 2 x 2,75 - (0,80 x 2,10) - (2,00 x 1,45) = 31,17m² Sala 7 = (5,55 + 4,40) x 2 x 2,75 - (0,80 x 2,10) - (2,00 x 1,45) = 50,15m² Escada = 3,80 x 2,90 = 11,02m² Circulação = (15,46 + 1,40 + 2,65 + 0,25 + 0,30 + 2,60 + 2,57 + 0,80 + 0,80 + 0,30 x 4 + 3,28 + 1,00 + 3,52 + 3 x 1,65) - 8 x (0,80 x 2,10) - 2 x (0,90x2,10) - (1,00x2,10) = 21,46m² PV 02 Sala 8 = (5,55 + 7,91) x 2 x 2,75 - 2x(2,00 x 1,45) -(0,80x2,10) = 66,55m² Sala 9 = (3,50 + 4,00) x 2 x 2,75 - 2 x (0,80 x 2,10) - (2,00 x 1,45) = 34,99m² Sala 10 = (3,50 + 4,00) x 2 x 2,75 - 2 x (0,80 x 2,10) - (2,00 x 1,45) = 34,99m² Sala 11 = (3,50 + 4,00) x 2 x 2,75 - (2,00 x 1,45) - (0,80 x 2,10) = 36,67m² Sala 12 = (3,50 + 4,00) x 2 x 2,75 - (2,00x1,45) - (0,80x2,10) = 36,67m² Sala 14 = (5,53 + 7,05) x 2 x 2,75 - (0,80 x 2,10) - 2 x ( 2,00 x 1,45)= 61,71m² Escada = 3,80 x 2,90 = 11,02 m² Circulação = ((0,30 x 3) + 1,65 + 2,60 + (12 x 0,30) + 2,57 + 12,81 + (3 x 1,65) + 3,53 + 1,63) x 2,75) - 6 x (0,80 x 2,10) - 2 x ( 0,90 x 2,10) - 1,71= 78,59m² Rampa = (12,09 x 2,90) = 35,06m² Elevador = (1,71 + 1,86) x 2 x 8,30 - 2 x (2,30 x 1,71) = 51,40m² Circulação = (1,40 + 7,30 + 3,79 + 0,41) x 2,75 - 3 x (0,80 x 2,10) = 30,44m² Dml = (1,80 + 0,77 + 2,21 + 2,43) x 2,75 - (0,50 x 0,75) - (0,80 x 2,10) = 17,77m² 2 Banheiro = ((2,21 + 4,00) x 2 x 2,75 - (0,80 x 2,10) - (1,50 x 0,75)) x 2 = 62,70m² 2 Banheiro P.D.F. = ((1,50 + 2,35) x 2 x 2,75 - (0,90 x 2,10) - (0,70x0,70)) x 2 = 37,59m² EXTERNO A =((10 x (0,14 x 0,40) + (7 x 0,30) + (0,50 x 0,15) +2 x 5,95 + 2 x 15,61 + 2 x 5,11 + 2 x 22,76 + 2 x 6,05 + 3,65 +2 x 2,60 + 2 x 2,57 + 3,79 + 1,00) x 2,90) - 16 x (2,00 x 1,45) - 2 x (0,50x0,75) - 4 x (1,50x0,75) - 3 x (0,70x0,70) = 394,62 - 55,72 = 338,90m² Total Geral = 1494,36m²
A90: 11.1.3 | B90: Emboço de argamassa de cimento, cal hidratada CH1 e areia lavada traço 1:0.5:6, espessura 20 mm | C90: m² | D90: TERREO A = (9,45 + 5,30 + 3,50 + 3,15 + 3,65 + 6,05 + 22,76 + 5,11 + 15,60 + 7,36 + 11,48 + 3,70 + 1,65) x 0,70 = 69,13m² PV01 Sala 1 = (7,91 + 5,55) x 2 x 2,75 - 2 x (0,80 x 2,10 ) - (2,00 x 1,45) - (0,70 x 2,10) = 66,30m² Banheiro = (2,00+1,50) x 2 x 2,75 -(0,70 x 2,10) - (0,65 x 0,65) = 17,36m² Sala 2 = (7,15 + 5,55) x 2 x 2,75 - (0,80 x 2,10 ) - 1,00 x 2,10 - 2,00 x 1,45 = 66,30m² Sala 3 = (4,00 + 3,50) x 2 x 2,75 - 2 x (0,80 x 2,10 ) - (2,00 x 1,45) = 34,99m² Cozinha = (2,21 + 0,77 + 2,44 + 1,80) x 2,75 - (0,80 x 2,10) - (0,50 x 0,75) = 17,80m² 2 Banheiros = ((2,21 + 4,00) x 2 x 2,75 - (1,50 x 0,75) - (0,80 x 2,10) x 2) = 62,70m² 2 Banheiros P.D.F.= ((1,50 + 2,35) x 2 x 2,75 - (0,70 x 0,70) - (0,90 x 2,10) x 2) = 37,59m² Sala 4 = (3,50 + 4,00) x 2 x 2,75 - (0,80 x 2,10) - (2,00 x 1,45) = 36,67m² Sala 5 = (3,50 + 4,00) x 2 x 2,75 - (0,80 x 2,10) - (2,00 x 1,45) = 36,67m² Sala 6 = (2,50 + 4,00) x 2 x 2,75 - (0,80 x 2,10) - (2,00 x 1,45) = 31,17m² Sala 7 = (5,55 + 4,40) x 2 x 2,75 - (0,80 x 2,10) - (2,00 x 1,45) = 50,15m² Escada = 3,80 x 2,90 = 11,02m² Circulação = (15,46 + 1,40 + 2,65 + 0,25 + 0,30 + 2,60 + 2,57 + 0,80 + 0,80 + 0,30 x 4 + 3,28 + 1,00 + 3,52 + 3 x 1,65) - 8 x (0,80 x 2,10) - 2 x (0,90x2,10) - (1,00x2,10) = 21,46m² PV 02 Sala 8 = (5,55 + 7,91) x 2 x 2,75 - 2x(2,00 x 1,45) -(0,80x2,10) = 66,55m² Sala 9 = (3,50 + 4,00) x 2 x 2,75 - 2 x (0,80 x 2,10) - (2,00 x 1,45) = 34,99m² Sala 10 = (3,50 + 4,00) x 2 x 2,75 - 2 x (0,80 x 2,10) - (2,00 x 1,45) = 34,99m² Sala 11 = (3,50 + 4,00) x 2 x 2,75 - (2,00 x 1,45) - (0,80 x 2,10) = 36,67m² Sala 12 = (3,50 + 4,00) x 2 x 2,75 - (2,00x1,45) - (0,80x2,10) = 36,67m² Sala 14 = (5,53 + 7,05) x 2 x 2,75 - (0,80 x 2,10) - 2 x ( 2,00 x 1,45)= 61,71m² Escada = 3,80 x 2,90 = 11,02 m² Circulação = ((0,30 x 3) + 1,65 + 2,60 + (12 x 0,30) + 2,57 + 12,81 + (3 x 1,65) + 3,53 + 1,63) x 2,75) - 6 x (0,80 x 2,10) - 2 x ( 0,90 x 2,10) - 1,71= 78,59m² Rampa = (12,09 x 2,90) = 35,06m² Elevador = (1,71 + 1,86) x 2 x 8,30 - 2 x (2,30 x 1,71) = 51,40m² Circulação = (1,40 + 7,30 + 3,79 + 0,41) x 2,75 - 3 x (0,80 x 2,10) = 30,44m² Dml = (1,80 + 0,77 + 2,21 + 2,43) x 2,75 - (0,50 x 0,75) - (0,80 x 2,10) = 17,77m² 2 Banheiro = ((2,21 + 4,00) x 2 x 2,75 - (0,80 x 2,10) - (1,50 x 0,75)) x 2 = 62,70m² 2 Banheiro P.D.F. = ((1,50 + 2,35) x 2 x 2,75 - (0,90 x 2,10) - (0,70x0,70)) x 2 = 37,59m² EXTERNO A =((10 x (0,14 x 0,40) + (7 x 0,30) + (0,50 x 0,15) +2 x 5,95 + 2 x 15,61 + 2 x 5,11 + 2 x 22,76 + 2 x 6,05 + 3,65 +2 x 2,60 + 2 x 2,57 + 3,79 + 1,00) x 2,90) - 16 x (2,00 x 1,45) - 2 x (0,50x0,75) - 4 x (1,50x0,75) - 3 x (0,70x0,70) = 394,62 - 55,72 = 338,90m² MENOS AZULEJO PV 01 Cozinha = (2,21 + 0,77 + 2,44 + 1,80) x 1,50 - (0,80x 1,50) = 9,47m² Banheiro = (2,21 + 4,00) x 2 x 1,50 - (0,80 x 1,50) = 17,43m² 2 Banheiro P.D.F. = ((1,50 + 2,35) x 2 x 1,50 - (0,90 x 1,50)) x 2 = 20,40m² Banheiro = (2,21 + 4,00) x 2 x 1,50 - (0,80 x 1,50) = 17,43m² Banheiro = (2,00 + 1,50) x 2 x 1,50 - (0,70 x 2,10) = 9,03m² PV 02 Cozinha = (2,21 + 0,77 + 2,44 + 1,80) x 1,50 - (0,80x 1,50) = 9,47m² Banheiro = (2,21 + 4,00) x 2 x 1,50 - (0,80 x 1,50) = 17,43m² 2 Banheiro P.D.F. = ((1,50 + 2,35) x 2 x 1,50 - (0,90 x 1,50)) x 2 = 20,40m² Banheiro = (2,21 + 4,00) x 2 x 1,50 - (0,80 x 1,50) = 17,43m² Total Geral = 1494,36 - 138,46 = 1355,90m²
A91: 11.1.4 | B91: Forro de gesso acabamento tipo liso | C91: m² | D91: PV 01 Sala 01 = (2,00 x 1,50) + (7,91 x 5,55)+ ((0,15x0,70) + 2 x (0,15x0,80)) = 43,90 + 0,35 = 44,25m² Sala 02 = (5,55 x 7,15) - (4,15 x 3,65) + (0,15x1,00) = 24,53 - 15,5 + 0,15 = 24,68m² Sala 03 = (3,50 x 4,00) + ( 0,80 x 0,15) = 14,00 + 0,12 = 14,12m² Sala 04 = (3,50 x 4,00) - (1,85 x 1,85) + (0,80 x 0,15) = 14,00 - 3,42 + 0,12 = 10,70m² Sala 05 = (4,00 x 3,50) + (0,80 x 0,15) = 14,00 +0,12 = 14,12m² Sala 06 = (4,00 x 2,50) + (0,80 x 0,15) = 10,00 +0,12 = 10,12m² Sala 07 = (5,55 x 4,40) + (0,80 x 0,15) = 24,42 +0,12 = 24,54m² Cozinha = (2,26 x 1,02)/2 + (0,77 x 2,20) + (0,80 x 0,15) = 1,15 + 1,69 + 1,27 = 2,96m² Banheiro = (2,21 x 4,00) + (0,80 x 0,15) = 8,84 + 0,12 = 8,92m² 2 Banheiro P.D.F. = ((2,35 x 1,50) + (0,90 x 0,15)) x 2 = (3,52 + 0,135 ) x 2 = 7,31m² Banheiro = (4,00 x 2,20) + (0,80 x 0,15) = 8,83 + 0,12 = 8,96m² Recepção = 51,51m² Circulação = 56,54m² Escada = (16 x 0,30 x 1,32) + (0,20 x 0,91) + (1,01 x 1,28) + (1,15x 1,32) + (0,17 x 1,32 x 18)= 13,37m² Rampa = (1,70 x 15,60) x 2 + (1,50 x 3,40) + (1,50 x 8,16) + (8,00 x 2,00)= 86,38m² PV 02 Sala 08 = (7,91 x 5,55)+ (0,15x0,80) = 43,90 + 0,12 = 44,02m² Sala 09 = (3,50 x 4,00) + (0,80 x 0,15) = 14,00 + 0,12 = 14,12m² Sala 10 = (3,50 x 4,00) + 2 x (0,80 x 0,15) = 14,00 + 0,24 = 14,24m² Sala 11 = (3,50 x 4,00) - (1,85 x 1,85) + (0,80 x 0,15) = 14,00 - 3,42 + 0,12 = 10,70m² Sala 12 = (3,50 x 4,00) + (0,80 x 0,15) = 14,00 + 0,12 = 14,12m² Sala 14 = (7,05 + 5,55) + ( 0,80 x 0,15) = 39,13 + 0,12 = 39,25m² Circulação = (7,30 x 1,40) = 10,22m² Dml = ((1,80 + 0,77) x 2,21)/2 + (0,80 x 0,15) = 2,85 + 0,12 = 2,97m² Banheiro = (4,00 x 2,21) + (0,80 x 0,15) = 8,84 + 0,12 = 8,96m² 2 Banheiro P.D.F = (2,35 x 1,50 + 0,90 x 0,15) x 2 = (3,52 + 0,135) x 2 = 7,32m² Banheiro = (4,00 x 2,21) + (0,80 x 0,15) = 8,84 + 0,12 = 8,96m² Circulação = 56,54m² - (2,65 x 1,40) = 52,83m² Rampa = (1,70 x 15,60) x 2 + (1,50 x 3,40) = 53,04 + 5,10 = 58,14m² PV 03 Casa Maquina = (5,86 x 4,00) - (1,86 x 3,64) + (0,70 x 0,15) = 23,44 - 6,77 + 0,105 = 16,56m² Guarita = (1,50 x 2,00) + (2,00 x 2,00) + (0,60 x 0,15) + (0,70 x 0,15) = 3,00 + 4,00 + 0,09 + 0,11 = 7,20m² Telefone = (2,10 x 1,67) + (1,40 x 0,15) =3,507 + 0,21 = 3,72m² Total Geral = 691,81m²
A92: 11.2 | B92: ACABAMENTO
A93: 11.2.1 | B93: Azulejo branco 15 x 15 cm, juntas a prumo, assentado com argamassa de cimento colante, inclusive rejuntamento com cimento branco, marcas de referência Eliane, Cecrisa ou Portobello | C93: m² | D93: PV 01 Cozinha = (2,21 + 0,77 + 2,44 + 1,80) x 1,50 - (0,80x 1,50) = 9,47m² Banheiro = (2,21 + 4,00) x 2 x 1,50 - (0,80 x 1,50) = 17,43m² 2 Banheiro P.D.F. = ((1,50 + 2,35) x 2 x 1,50 - (0,90 x 1,50)) x 2 = 20,40m² Banheiro = (2,21 + 4,00) x 2 x 1,50 - (0,80 x 1,50) = 17,43m² Banheiro = (2,00 + 1,50) x 2 x 1,50 - (0,70 x 2,10) = 9,03m² PV 02 Cozinha = (2,21 + 0,77 + 2,44 + 1,80) x 1,50 - (0,80x 1,50) = 9,47m² Banheiro = (2,21 + 4,00) x 2 x 1,50 - (0,80 x 1,50) = 17,43m² 2 Banheiro P.D.F. = ((1,50 + 2,35) x 2 x 1,50 - (0,90 x 1,50)) x 2 = 20,40m² Banheiro = (2,21 + 4,00) x 2 x 1,50 - (0,80 x 1,50) = 17,43m² Total Geral : 138,46m²
A94: 12 | B94: PISO
A95: 12.1 | B95: CAMADA DE REGULARIZAÇÃO
A96: 12.1.1 | B96: Lastro de concreto não estrutural, espessura de 6 cm | C96: m² | D96: PV 01 Sala 01 = (2,00 x 1,50) + (7,91 x 5,55)+ ((0,15x0,70) + 2 x (0,15x0,80)) = 43,90 + 0,35 = 44,25m² Sala 02 = (5,55 x 7,15) - (4,15 x 3,65) + (0,15x1,00) = 24,53 - 15,5 + 0,15 = 24,68m² Sala 03 = (3,50 x 4,00) + ( 0,80 x 0,15) = 14,00 + 0,12 = 14,12m² Sala 04 = (3,50 x 4,00) - (1,85 x 1,85) + (0,80 x 0,15) = 14,00 - 3,42 + 0,12 = 10,70m² Sala 05 = (4,00 x 3,50) + (0,80 x 0,15) = 14,00 +0,12 = 14,12m² Sala 06 = (4,00 x 2,50) + (0,80 x 0,15) = 10,00 +0,12 = 10,12m² Sala 07 = (5,55 x 4,40) + (0,80 x 0,15) = 24,42 +0,12 = 24,54m² Cozinha = (2,26 x 1,02)/2 + (0,77 x 2,20) + (0,80 x 0,15) = 1,15 + 1,69 + 1,27 = 2,96m² Banheiro = (2,21 x 4,00) + (0,80 x 0,15) = 8,84 + 0,12 = 8,92m² 2 Banheiro P.D.F. = ((2,35 x 1,50) + (0,90 x 0,15)) x 2 = (3,52 + 0,135 ) x 2 = 7,31m² Banheiro = (4,00 x 2,20) + (0,80 x 0,15) = 8,83 + 0,12 = 8,96m² Recepção = 51,51m² Circulação = 56,54m² Escada = (16 x 0,30 x 1,32) + (0,20 x 0,91) + (1,01 x 1,28) + (1,15x 1,32) + (0,17 x 1,32 x 18)= 13,37m² Rampa = (1,70 x 15,60) x 2 + (1,50 x 3,40) + (1,50 x 8,16) + (8,00 x 2,00)= 86,38m² PV 02 Sala 08 = (7,91 x 5,55)+ (0,15x0,80) = 43,90 + 0,12 = 44,02m² Sala 09 = (3,50 x 4,00) + (0,80 x 0,15) = 14,00 + 0,12 = 14,12m² Sala 10 = (3,50 x 4,00) + 2 x (0,80 x 0,15) = 14,00 + 0,24 = 14,24m² Sala 11 = (3,50 x 4,00) - (1,85 x 1,85) + (0,80 x 0,15) = 14,00 - 3,42 + 0,12 = 10,70m² Sala 12 = (3,50 x 4,00) + (0,80 x 0,15) = 14,00 + 0,12 = 14,12m² Sala 14 = (7,05 + 5,55) + ( 0,80 x 0,15) = 39,13 + 0,12 = 39,25m² Circulação = (7,30 x 1,40) = 10,22m² Dml = ((1,80 + 0,77) x 2,21)/2 + (0,80 x 0,15) = 2,85 + 0,12 = 2,97m² Banheiro = (4,00 x 2,21) + (0,80 x 0,15) = 8,84 + 0,12 = 8,96m² 2 Banheiro P.D.F = (2,35 x 1,50 + 0,90 x 0,15) x 2 = (3,52 + 0,135) x 2 = 7,32m² Banheiro = (4,00 x 2,21) + (0,80 x 0,15) = 8,84 + 0,12 = 8,96m² Circulação = 56,54m² - (2,65 x 1,40) = 52,83m² Rampa = (1,70 x 15,60) x 2 + (1,50 x 3,40) = 53,04 + 5,10 = 58,14m² PV 03 Casa Maquina = (5,86 x 4,00) - (1,86 x 3,64) + (0,70 x 0,15) = 23,44 - 6,77 + 0,105 = 16,56m² Guarita = (1,50 x 2,00) + (2,00 x 2,00) + (0,60 x 0,15) + (0,70 x 0,15) = 3,00 + 4,00 + 0,09 + 0,11 = 7,20m² Telefone = (2,10 x 1,67) + (1,40 x 0,15) =3,507 + 0,21 = 3,72m² Total Geral = 691,81m²
A97: 12.2 | B97: ACABAMENTO
A98: 12.2.1 | B98: Piso argamassa alta resistência tipo granilite ou equiv de qualidade comprovada, esp de 10mm, com juntas plástica em quadros de 1m, na cor natural, com acabamento polido mecanizado, inclusive regularização e=3.0cm | C98: m² | D98: PV 01 Sala 01 = (2,00 x 1,50) + (7,91 x 5,55)+ ((0,15x0,70) + 2 x (0,15x0,80)) = 43,90 + 0,35 = 44,25m² Sala 02 = (5,55 x 7,15) - (4,15 x 3,65) + (0,15x1,00) = 24,53 - 15,5 + 0,15 = 24,68m² Sala 03 = (3,50 x 4,00) + ( 0,80 x 0,15) = 14,00 + 0,12 = 14,12m² Sala 04 = (3,50 x 4,00) - (1,85 x 1,85) + (0,80 x 0,15) = 14,00 - 3,42 + 0,12 = 10,70m² Sala 05 = (4,00 x 3,50) + (0,80 x 0,15) = 14,00 +0,12 = 14,12m² Sala 06 = (4,00 x 2,50) + (0,80 x 0,15) = 10,00 +0,12 = 10,12m² Sala 07 = (5,55 x 4,40) + (0,80 x 0,15) = 24,42 +0,12 = 24,54m² Cozinha = (2,26 x 1,02)/2 + (0,77 x 2,20) + (0,80 x 0,15) = 1,15 + 1,69 + 1,27 = 2,96m² Banheiro = (2,21 x 4,00) + (0,80 x 0,15) = 8,84 + 0,12 = 8,92m² 2 Banheiro P.D.F. = ((2,35 x 1,50) + (0,90 x 0,15)) x 2 = (3,52 + 0,135 ) x 2 = 7,31m² Banheiro = (4,00 x 2,20) + (0,80 x 0,15) = 8,83 + 0,12 = 8,96m² Recepção = 51,51m² Circulação = 56,54m² PV 02 Sala 08 = (7,91 x 5,55)+ (0,15x0,80) = 43,90 + 0,12 = 44,02m² Sala 09 = (3,50 x 4,00) + (0,80 x 0,15) = 14,00 + 0,12 = 14,12m² Sala 10 = (3,50 x 4,00) + 2 x (0,80 x 0,15) = 14,00 + 0,24 = 14,24m² Sala 11 = (3,50 x 4,00) - (1,85 x 1,85) + (0,80 x 0,15) = 14,00 - 3,42 + 0,12 = 10,70m² Sala 12 = (3,50 x 4,00) + (0,80 x 0,15) = 14,00 + 0,12 = 14,12m² Sala 14 = (7,05 + 5,55) + ( 0,80 x 0,15) = 39,13 + 0,12 = 39,25m² Circulação = (7,30 x 1,40) = 10,22m² Dml = ((1,80 + 0,77) x 2,21)/2 + (0,80 x 0,15) = 2,85 + 0,12 = 2,97m² Banheiro = (4,00 x 2,21) + (0,80 x 0,15) = 8,84 + 0,12 = 8,96m² 2 Banheiro P.D.F = (2,35 x 1,50 + 0,90 x 0,15) x 2 = (3,52 + 0,135) x 2 = 7,32m² Banheiro = (4,00 x 2,21) + (0,80 x 0,15) = 8,84 + 0,12 = 8,96m² Circulação = 56,54m² - (2,65 x 1,40) = 52,83m² PV 03 Casa Maquina = (5,86 x 4,00) - (1,86 x 3,64) + (0,70 x 0,15) = 23,44 - 6,77 + 0,105 = 16,56m² Guarita = (1,50 x 2,00) + (2,00 x 2,00) + (0,60 x 0,15) + (0,70 x 0,15) = 3,00 + 4,00 + 0,09 + 0,11 = 7,20m² Telefone = (2,10 x 1,67) + (1,40 x 0,15) =3,507 + 0,21 = 3,72m² Total Geral = 278,73m² + 227,71 + 16,56 + 7,20 + 3,72 = 533,92m²
A99: 12.2.2 | B99: Piso argamassa alta resistência tipo granilite ou equiv de qualidade comprovada, esp de 10mm, com juntas plástica em quadros de 1m, na cor natural, com acabamento anti-derrapante mecanizado, inclusive regularização e=3.0cm | C99: m² | D99: PV 01 Escada = (16 x 0,30 x 1,32) + (0,20 x 0,91) + (1,01 x 1,28) + (1,15x 1,32) + (0,17 x 1,32 x 18)= 13,37m² Rampa = (1,70 x 15,60) x 2 + (1,50 x 3,40) + (1,50 x 8,16) + (8,00 x 2,00)= 86,38m² PV 02 Rampa = (1,70 x 15,60) x 2 + (1,50 x 3,40) = 53,04 + 5,10 = 58,14m² Total Geral = 157,89m²
A100: 12.3 | B100: RODAPÉ
A101: 12.3.1 | B101: Rodapé de argamassa de alta resistência tipo granilite ou equivalente de qualidade comprovada, altura de 10 cm e espessura de 10 mm, com cantos boleados, executado com cimento e granitina grana N.1, inclusive polimento | C101: m | D101: PV 01 Sala 01 = 2 x (2,00 + 1,50) + 2 x (7,91 + 5,55) - (0,70) - (2 x 0,80) = 31,62m Sala 02 = 2 x (5,55 + 7,15) - (1,00) = 24,40m Sala 03 = 2 x (3,50 + 4,00) - (0,80) = 14,20m Sala 04 = 2 x (3,50 + 4,00) - (0,80) = 14,20m Sala 05 = 2 x (4,00 + 3,50) - (0,80) = 14,20m Sala 06 = 2 x (4,00 + 2,50) - (0,80) = 12,20m Sala 07 = 2 x (5,55 + 4,40) - (0,80) = 12,10m Cozinha = (1,80 + 2,21 + 2,44+ 0,77) - 0,80 = 6,42m Banheiro = 2 x (2,21 + 4,00) - (0,80) = 11,62m 2 Banheiro P.D.F. = ((2,35 + 1,50) - (0,90)) x 2 x 2 = 13,60m Banheiro = 2 x (4,00 + 2,20) - (0,80) = 11,60m Recepção e Circulação = (3,28 + 3,60 + 2,57 + 2,60 + 0,30 + 0,25 + 2,65 + 1,40 + 15,46 + 1,65 + 2 x 1,65 + 3,52) - 1,70 - 8 x (0,80) - 1,00 - 2,00 - 2 x 0,90 = 40,58 - 12,90 = 27,68m PV 02 Sala 08 = 2 x (7,91+ 5,55) - (0,80) = 26,12m Sala 09 = 2 x (3,50 + 4,00) - (0,80) = 14,20m Sala 10 = 2 x (3,50 + 4,00) - 2 x (0,80) = 13,40m Sala 11 = 2 x (3,50 + 4,00) - (0,80) = 14,20m Sala 12 = 2 x (3,50 + 4,00) - (0,80) = 14,20m Sala 14 = 2 x (7,05 + 5,55) - ( 0,80) = 24,40m Circulação = (3,79 + 1,40 + 7,30) - 3 x 0,80 = 10,09 Dml = (1,80 + 2,21 + 2,44 + 0,77) - (0,80) = 6,42m Banheiro = 2 x (4,00 + 2,21) - (0,80) = 11,62m 2 Banheiro P.D.F = 2 x 2 x ((2,35 + 1,50) - 0,90) = 13,60m Banheiro = 2 x (4,00 + 2,21) - (0,80) = 11,62m Circulação = (1,66 + 3,52 + 1,65 + 1,65 + 1,65 + 12,81 + 1,65) - 6 x 0,80 - 2 x 0,90 - 1,70 = 16,29m PV 03 Casa Maquina = 2 x (5,86 + 4,00) - (0,70) = 19,02 Guarita = 2 x (1,50 + 2,00) + 2 x (2,00 + 2,00) - (0,60) - (0,70) = 13,70m Total Geral = 402,72m
A102: 13 | B102: INSTALAÇÕES HIDROSANITÁRIAS
A103: 13.1 | B103: ÁGUA
A104: 13.1.1 | B104: Padrão de entrada d' água com cavalete de PVC para hidrômetro com diâmetro de 3/4" - padrão 1C da CESAN. Instalado em vão de muro protegido com gradeamento. Inclusive base de concreto magro, tubulação, conexões e registro. Conferir detalhe. | C104: und | D104: TOTAL GERAL = 1,00 Unidade
A105: 13.1.2 | B105: Ponto de torneira de jardim (para praças) | C105: pt | D105: TOTAL GERAL = 5,00 Unidades
A106: 13.1.3 | B106: Tubo de PVC rígido soldável marrom, diâm. 25mm (3/4"), inclusive conexões | C106: m | D106: C = 13,47 + 1 + 0,55 + 1 + 11,3 + 0,15 + 0,5 + 0,7 + 2,9 + 2,9 + 2,5 + 1,3 + 1,26 + 0,52 + 2,9 + 2,9 + 5,8 + 5,8 + 1,3 + 5,8 + 5,8 + 3 + 3 + 0,6 + 5,8 + 20 + 5,8 + 25,25 + 10,85 + 33,73 + 16,65 + 1,4 + 0,6 + 2,3 * 4 + 0,9 * 4 + 0,6 * 2 + 2 * 2 = 215,03m Total Geral = 215,03m
A107: 13.1.4 | B107: Tubo de PVC rígido soldável marrom, diâm. 50mm (11/2"), inclusive conexões | C107: m | D107: C = 9,25 + 1 + 1,15 + 1,15 + 3 + 3 + 6 * 5,8 = 53,35m TOTAL GERAL = 53,35m
A108: 13.1.5 | B108: Ponto de água fria (lavatório, tanque, pia de cozinha, etc...) | C108: pt | D108: TOTAL GERAL = 36,00 Unidades
...

Sheet MEMÓRIA CÁLC. FONTE
A1: MEMÓRIA DE CÁLCULO - FONTE
A5: ITEM | B5: DESCRIÇÃO DOS SERVIÇOS | C5: REFER. | D5: QUANT. | E5: Kg | F5: COMP (m) | G5: LARG (m) | H5: ALTURA (m) | I5: ESPESSURA (m) | J5: L/M | K5: SC | L5: PER. | M5: MÊS | N5: H | O5: ÁREA (m²) | P5: VOLUME (m³) | Q5: FATOR | R5: SUB-TOTAL | S5: UNIDADE | T5: TOTAL | V5: OBSERVAÇÕES GERAIS
A6: 18 | B6: =PLANILHA!B252 -> FONTE / CHAFARIZ ( 18 JATOS )
A7: 18.1 | B7: =PLANILHA!B253 -> SERVIÇOS PRELIMINARES
A8: 18.1.1 | B8: =PLANILHA!C254 -> Locação de obra com gabarito de madeira | S8: m² | T8: =R9 -> 128
F9: 16 | G9: 8 | R9: =TRUNC(((G9*F9)),2) -> 128
A10: 18.1.2 | B10: =PLANILHA!C255 -> Tapume Telha Metálica Ondulada em aço galvalume 0,50mm Branca h=2,20m, incl. montagem estr. mad. 8"x8", c/adesivo "DER-ES" 60x60cm a cada 10m, incl. faixas pint. esmalte sint. cores azul c/ h=30cm e rosa c/ h=10cm (Reaproveitamento 2x) | S10: m² | T10: =R11 -> 64
F11: 22 | R11: =SUM(F11:F14) -> 64
F12: 10
F13: 22
F14: 10
A15: 18.2 | B15: =PLANILHA!B256 -> ESCAVAÇÕES E ATERRO
A16: 18.2.1 | B16: =PLANILHA!C257 -> Escavação manual em material de 1a. categoria, até 1.50 m de profundidade | S16: m³ | T16: =TRUNC(((SUM(R17+R18))),2) -> 91.11
B17: AREA MOLHADA | F17: 7.8 | G17: 5.4 | H17: 1 | M17: ( FATOR DE 20% PARA AREA ADICIONAL DE TRABALHO): | Q17: 1.2 | R17: =TRUNC(((G17*H17*F17*Q17)),2) -> 50.54
B18: ESTRUTURA CASA DE MAQUINAS | F18: 4.9 | G18: 2.3 | H18: 3 | M18: ( FATOR DE 20% PARA AREA ADICIONAL DE TRABALHO): | Q18: 1.2 | R18: =TRUNC(((G18*H18*F18*Q18)),2) -> 40.57
A19: 18.3 | B19: =PLANILHA!B258 -> ESTRUTURA CASA DE MAQUINAS
A20: 18.3.1 | B20: =PLANILHA!C259 -> Fornecimento, dobragem e colocação em fôrma, de armadura CA-50 A média, diâmetro de 6.3 a 10.0 mm | S20: Kg | T20: =TRUNC(((SUM(R21:R31))),2) -> 529.85
B21: N1 | C21: Ø 10.0 | D21: 16 | E21: =F21*Q21 -> 2.99245 | F21: 4.85 | O21: FATOR = KG/m = | Q21: 0.617 | R21: =TRUNC(((E21*D21)),2) -> 47.87
B22: N2 | C22: Ø 10.0 | D22: 32 | E22: =F22*Q22 -> 1.38825 | F22: 2.25 | O22: FATOR = KG/m = | Q22: 0.617 | R22: =TRUNC(((E22*D22)),2) -> 44.42
B23: N3 | C23: Ø 8.0 | D23: 22 | E23: =F23*Q23 -> 1.20475 | F23: 3.05 | O23: FATOR = KG/m = | Q23: 0.395 | R23: =TRUNC(((E23*D23)),2) -> 26.5
B24: N4 | C24: Ø 8.0 | D24: 11 | E24: =F24*Q24 -> 5.6485 | F24: 14.3 | O24: FATOR = KG/m = | Q24: 0.395 | R24: =TRUNC(((E24*D24)),2) -> 62.13
B25: N5 | C25: Ø 8.0 | D25: 11 | E25: =F25*Q25 -> 5.293 | F25: 13.4 | O25: FATOR = KG/m = | Q25: 0.395 | R25: =TRUNC(((E25*D25)),2) -> 58.22
B26: N6 | C26: Ø 8.0 | D26: 16 | E26: =F26*Q26 -> 0.61225 | F26: 1.55 | O26: FATOR = KG/m = | Q26: 0.395 | R26: =TRUNC(((E26*D26)),2) -> 9.79
B27: N7 | C27: Ø 8.0 | D27: 150 | E27: =F27*Q27 -> 0.948 | F27: 2.4 | O27: FATOR = KG/m = | Q27: 0.395 | R27: =TRUNC(((E27*D27)),2) -> 142.2
B28: N8 | C28: Ø 8.0 | D28: 32 | E28: =F28*Q28 -> 0.5925 | F28: 1.5 | O28: FATOR = KG/m = | Q28: 0.395 | R28: =TRUNC(((E28*D28)),2) -> 18.96
B29: N9 | C29: Ø 8.0 | D29: 32 | E29: =F29*Q29 -> 0.711 | F29: 1.8 | O29: FATOR = KG/m = | Q29: 0.395 | R29: =TRUNC(((E29*D29)),2) -> 22.75
B30: N10 | C30: Ø 8.0 | D30: 16 | E30: =F30*Q30 -> 2.70575 | F30: 6.85 | O30: FATOR = KG/m = | Q30: 0.395 | R30: =TRUNC(((E30*D30)),2) -> 43.29
B31: N11 | C31: Ø 8.0 | D31: 32 | E31: =F31*Q31 -> 1.67875 | F31: 4.25 | O31: FATOR = KG/m = | Q31: 0.395 | R31: =TRUNC(((E31*D31)),2) -> 53.72
A32: 18.3.2 | B32: =PLANILHA!C260 -> Fôrma em chapa de madeira compensada plastificada 12mm para estrutura em geral, 5 reaproveitamentos, reforçada com sarrafos de madeira 2.5x10cm (incl material, corte, montagem, escoras em eucalipto e desforma) | S32: m² | T32: =TRUNC(((SUM(R33:R53))),2) -> 101.3
B33: parede externa | F33: 4.9 | H33: 2.6 | R33: =TRUNC(((F33*H33)),2) -> 12.7
F34: 4.3 | H34: 2.6 | R34: =TRUNC(((F34*H34)),2) -> 11.2
F35: 4.9 | H35: 2.6 | R35: =TRUNC(((F35*H35)),2) -> 12.7
F36: 4.3 | H36: 2.6 | R36: =TRUNC(((F36*H36)),2) -> 11.2
B37: parede interna | F37: 1.5 | H37: 2.1 | R37: =TRUNC(((F37*H37)),2) -> 3.2
F38: 2 | H38: =H37 -> 2.1 | R38: =TRUNC(((F38*H38)),2) -> 4.2
F39: 1.5 | H39: =H38 -> 2.1 | R39: =TRUNC(((F39*H39)),2) -> 3.2
F40: 2 | H40: =H39 -> 2.1 | R40: =TRUNC(((F40*H40)),2) -> 4.2
B41: parede interna | F41: 2 | H41: 2.1 | R41: =TRUNC(((F41*H41)),2) -> 4.2
F42: 0.8 | H42: 2.1 | R42: =TRUNC(((F42*H42)),2) -> 1.7
F43: 2 | H43: 1.3 | R43: =TRUNC(((F43*H43)),2) -> 2.6
F44: 0.8 | H44: 2.1 | R44: =TRUNC(((F44*H44)),2) -> 1.7
B45: parede interna | F45: 2 | H45: 2.1 | R45: =TRUNC(((F45*H45)),2) -> 4.2
F46: 2.2 | H46: 2.1 | R46: =TRUNC(((F46*H46)),2) -> 4.6
F47: 2 | H47: 1.3 | R47: =TRUNC(((F47*H47)),2) -> 2.6
F48: 2.2 | H48: 2.1 | R48: =TRUNC(((F48*H48)),2) -> 4.6
B49: CAIXA DRENAGEM - LADO G | D49: 2 | F49: 0.5 | H49: 0.5 | R49: =TRUNC(((F49*H49)),2) -> 0.3
B50: CAIXA DRENAGEM - LADO H | D50: 2 | F50: 0.5 | H50: 0.5 | R50: =TRUNC(((F50*H50)),2) -> 0.3
B51: CAIXA DRENAGEM - LADO I | D51: 2 | F51: 0.5 | H51: 0.5 | R51: =TRUNC(((F51*H51)),2) -> 0.3
B52: CAIXA DRENAGEM - LADO J | D52: 2 | F52: 0.5 | H52: 0.5 | R52: =TRUNC(((F52*H52)),2) -> 0.3
B53: FUNDO LAJE MACIÇA | F53: 4.9 | G53: 2.3 | R53: =TRUNC(((F53*G53)),2) -> 11.3
A54: 18.3.3 | B54: =PLANILHA!C261 -> Fornecimento, preparo e aplicação de concreto Fck = 30 MPa (com brita 1 e 2) - (5% de perdas já incluído no custo) | S54: m³ | T54: =TRUNC(((SUM(R55:R66))),2) -> 10.73
B55: PISO | F55: 4.9 | G55: 2.3 | I55: 0.15 | R55: =TRUNC(((G55*I55*F55)),2) -> 1.69
B56: LAJE | F56: 4.9 | G56: 2.3 | I56: 0.15 | R56: =TRUNC(((G56*I56*F56)),2) -> 1.69
B57: PAREDE LADO 1 | F57: 2.3 | H57: 2.6 | I57: 0.15 | R57: =TRUNC(((H57*I57*F57)),2) -> 0.89
B58: PAREDE LADO 2 | F58: 4.9 | H58: 2.6 | I58: 0.15 | R58: =TRUNC(((H58*I58*F58)),2) -> 1.91
B59: PAREDE LADO 3 | F59: 2.3 | H59: 2.6 | I59: 0.15 | R59: =TRUNC(((H59*I59*F59)),2) -> 0.89
B60: PAREDE LADO 4 | F60: 4.9 | H60: 2.6 | I60: 0.15 | R60: =TRUNC(((H60*I60*F60)),2) -> 1.91
B61: PAREDE INTERNA | F61: 2.3 | H61: 2.6 | I61: 0.15 | R61: =TRUNC(((H61*I61*F61)),2) -> 0.89
B62: PAREDE CAX DAGUA | F62: 1.3 | H62: 2.6 | I62: 0.15 | R62: =TRUNC(((H62*I62*F62)),2) -> 0.5
B63: PAREDE A - DRENAGEM | D63: 2 | F63: 0.65 | H63: 0.5 | I63: 0.15 | R63: =TRUNC(((H63*I63*F63*D63)),2) -> 0.09
B64: PAREDE B - DRENAGEM | D64: 2 | F64: 0.65 | H64: 0.5 | I64: 0.15 | R64: =TRUNC(((H64*I64*F64*D64)),2) -> 0.09
B65: PAREDE C - DRENAGEM | D65: 2 | F65: 0.65 | H65: 0.5 | I65: 0.15 | R65: =TRUNC(((H65*I65*F65*D65)),2) -> 0.09
B66: PAREDE D - DRENAGEM | D66: 2 | F66: 0.65 | H66: 0.5 | I66: 0.15 | R66: =TRUNC(((H66*I66*F66*D66)),2) -> 0.09
A67: 18.3.4 | B67: =PLANILHA!C262 -> Pintura impermeabilizante com igolflex ou equivalente a 3 demãos | S67: m² | T67: =TRUNC(((SUM(R68:R71))),2) -> 37.4
B68: LADO 1 | F68: 4.9 | H68: 2.6 | R68: =TRUNC(((F68*H68)),2) -> 12.7
B69: LADO 2 | F69: 2.3 | H69: 2.6 | R69: =TRUNC(((F69*H69)),2) -> 6
B70: LADO 3 | F70: 4.9 | H70: 2.6 | R70: =TRUNC(((F70*H70)),2) -> 12.7
B71: LADO 4 | F71: 2.3 | H71: 2.6 | R71: =TRUNC(((F71*H71)),2) -> 6
A72: 18.4 | B72: =PLANILHA!B263 -> ESTRUTURA BASE MOLHADA
A73: 18.4.1 | B73: =PLANILHA!C264 -> Tela de aço soldada Telcon Q-196 ou similar, fornecimento e assentamento. | S73: m² | T73: =TRUNC((SUM(R74:R76)),2) -> 56.52
B74: LATERAL CALHA 1 | D74: 3 | F74: 4.4 | G74: 0.4 | H74: 0.5 | R74: =TRUNC((D74*((F74+G74)*H74)),2) -> 7.2
B75: LATERAL CALHA 2 | D75: 3 | F75: 4.4 | G75: 0.4 | H75: 0.5 | R75: =TRUNC((D75*((F75+G75)*H75)),2) -> 7.2
B76: PLATOR | F76: 7.8 | G76: 5.4 | R76: =TRUNC(((F76*G76)),2) -> 42.12
A77: 18.4.2 | B77: =PLANILHA!C265 -> Fôrma em chapa de madeira compensada plastificada 12mm para estrutura em geral, 5 reaproveitamentos, reforçada com sarrafos de madeira 2.5x10cm (incl material, corte, montagem, escoras em eucalipto e desforma) | S77: m² | T77: =TRUNC((SUM(R78:R81)),2) -> 18.96
B78: LATERAL EXTERNA 1 | F78: 7.8 | G78: 5.4 | H78: 0.5 | R78: =TRUNC((((F78+G78)*H78)),2) -> 6.6
B79: LATERAL EXTERNA 2 | F79: 7.8 | G79: 5.4 | H79: 0.5 | R79: =TRUNC((((F79+G79)*H79)),2) -> 6.6
B80: LATERAL INTERNA 1 | F80: 4.4 | G80: 0.4 | H80: 0.6 | R80: =TRUNC((((F80+G80)*H80)),2) -> 2.88
B81: LATERAL INTERNA 2 | F81: 4.4 | G81: 0.4 | H81: 0.6 | R81: =TRUNC((((F81+G81)*H81)),2) -> 2.88
A82: 18.4.3 | B82: =PLANILHA!C266 -> Fornecimento e aplicação de concreto USINADO Fck=25 MPa - considerando lançamento MANUAL para INFRA-ESTRUTURA (5% de perdas já incluído no custo) | S82: m³ | T82: =TRUNC((SUM(R83:R86)),2) -> 10.08
B83: PLATOR SUPERIOR | F83: 7.8 | G83: 5.4 | I83: 0.15 | O83: =F83*G83 -> 42.12 | R83: =TRUNC((((O83)*I83)),2) -> 6.31
B84: PLATOR INFERIOR CALHA | D84: 3 | F84: 4.4 | G84: =0.4+0.15+0.15 -> 0.7 | I84: 0.12 | O84: =F84*G84 -> 3.08 | R84: =TRUNC((((O84)*D84*I84)),2) -> 1.1
B85: PAREDES 1 CALHA | D85: 6 | F85: 4.4 | G85: =0.5+0.12 -> 0.62 | I85: 0.15 | O85: =F85*G85 -> 2.728 | R85: =TRUNC((((O85)*D85*I85)),2) -> 2.45
B86: PAREDES 2 CALHA | D86: 6 | F86: 0.4 | G86: =0.5+0.12 -> 0.62 | I86: 0.15 | O86: =F86*G86 -> 0.248 | R86: =TRUNC((((O86)*D86*I86)),2) -> 0.22
A87: 18.4.4 | B87: =PLANILHA!C267 -> Canaleta no piso em concreto simples com dimensões internas de 20 x 10 cm e grelha em ferro diam. 1/2" a cada 3 cm fixados em cantoneira de 3/4" x 1/8" apoiada sobre requadro em cantoneira de 1" x 3/16" | S87: m | T87: =R88 -> 26.4
B88: LADO 1 | F88: 7.8 | R88: =TRUNC((SUM(F88:F91)),2) -> 26.4
B89: LADO 2 | F89: 5.4
B90: LADO 3 | F90: 7.8
B91: LADO 4 | F91: 5.4
A92: 18.4.5 | B92: =PLANILHA!C268 -> Pintura impermeabilizante com igolflex ou equivalente a 3 demãos | S92: m² | T92: =R93 -> 42.12
F93: 7.8 | G93: 5.4 | R93: =TRUNC(((F93*G93)),2) -> 42.12
A94: 18.5 | B94: =PLANILHA!B269 -> REDE DE ÁGUA
A95: 18.5.1 | B95: =PLANILHA!C270 -> Escavação manual em material de 1a. categoria, até 1.50 m de profundidade | S95: m³ | T95: =P96 -> 23.1
F96: =T101+T111+T132+T138+T140 -> 46.2 | G96: 0.5 | H96: 1 | P96: =TRUNC((F96*G96*H96),2) -> 23.1
A97: 18.5.2 | B97: =PLANILHA!C271 -> Reaterro apiloado de cavas de fundação, em camadas de 20 cm | S97: m³ | T97: =P98 -> 23.1
P98: =P96 -> 23.1
A99: 18.5.3 | B99: =PLANILHA!C272 -> CURVA 45 GRAUS, PVC, SOLDÁVEL, DN 25MM, INSTALADO EM RAMAL OU SUB-RAMAL DE ÁGUA - FORNECIMENTO E INSTALAÇÃO. AF_06/2022 | S99: und | T99: =D100 -> 2
B100: RAMAL PADRÃO ATÉ TANQUE | D100: 2
A101: 18.5.4 | B101: =PLANILHA!C273 -> Tubo de PVC rígido soldável marrom, diâm. 25mm (3/4"), inclusive conexões | S101: m | T101: =F102 -> 3
B102: RAMAL PADRÃO DE AGUA ATÉ O TANQUE ( deu 2 m mas compra de meia vara por perca) | F102: 3
A103: 18.5.5 | B103: =PLANILHA!C274 -> Adaptador de PVC soldável com flanges livres para caixa d'água, diâmetro 25mm (3/4") | S103: und | T103: =D104 -> 1
...

Sheet COMP-01
A1: COMPOSIÇÃO 01
G6: Data Base: FEVEREIRO/2025
A8: Serviço: Laje pré-fabricada treliçada (H=12cm), sobrecarga 300 Kg/m², vãos até 5.0m, capeamento de 4cm, elemento de enchimento em bloco EPS, espessura final da laje (H=16cm), inclusive armadura de distribuição 5.0 cada 15cm | H8: Unidade: m²
A11: MÃO DE OBRA | B11: Unid | C11: Código | D11: Coefic. | E11: C. Prod. | F11: Pr. Prod. | G11: Pr. Improd. | H11: Pr. Unit. | I11: Subtotal
A12: ARMADOR (OFICIAL - SINDUSCON) | B12: H | C12: 10121 | D12: 0.15 | E12: 1 | F12: 24.1 | G12: 0 | H12: 24.1 | I12: =D12*H12 -> 3.62
A13: CARPINTEIRO (OFICIAL - SINDUSCON) | B13: H | C13: 10111 | D13: 0.81 | E13: 1 | F13: 24.1 | G13: 0 | H13: 24.1 | I13: =D13*H13 -> 19.52
A14: PEDREIRO (OFICIAL - SINDUSCON) | B14: H | C14: 10139 | D14: 0.47 | E14: 1 | F14: 24.1 | G14: 0 | H14: 24.1 | I14: =D14*H14 -> 11.33
A15: SERVENTE (AUXILIAR DE OBRAS - SINDUSCON) | B15: H | C15: 10146 | D15: 1.43 | E15: 1 | F15: 17.88 | G15: 0 | H15: 17.88 | I15: =D15*H15 -> 25.57
A16: SubTotal: | I16: =SUM(I12:I15) -> 60.04
A18: MATERIAL | B18: Unid | C18: Código | D18: Coefic. | E18: C. Prod. | F18: Pr. Prod. | G18: Pr. Improd. | H18: Pr. Unit. | I18: Subtotal
A19: AREIA LAVADA MEDIA | B19: M³ | C19: 20503 | D19: 0.06 | E19: 1 | F19: 143.33 | G19: 0 | H19: 143.33 | I19: =D19*F19 -> 8.6
A20: CIMENTO PORTLAND CP III - 40 | B20: KG | C20: 20508 | D20: 22.57 | E20: 1 | F20: 0.57 | G20: 0 | H20: 0.57 | I20: =D20*F20 -> 12.86
A21: BRITA 1 | B21: M³ | C21: 20517 | D21: 0.015 | E21: 1 | F21: 156.71 | G21: 0 | H21: 156.71 | I21: =D21*F21 -> 2.35
A22: BRITA 2 | B22: M³ | C22: 20518 | D22: 0.0408 | E22: 1 | F22: 156.71 | G22: 0 | H22: 2.28 | I22: =D22*F22 -> 6.39
A23: SARRAFO DE MADEIRA PINUS 10 X 2.5CM | B23: M | C23: 20985 | D23: 0.67 | E23: 1 | F23: 5.94 | G23: 0 | H23: 5.94 | I23: =D23*F23 -> 3.98
A24: TABUA DE MADEIRA PINUS 30 X 2.5 CM (TAIPA DE 1ª) | B24: M² | C24: 20987 | D24: 0.189 | E24: 1 | F24: 51.22 | G24: 0 | H24: 51.22 | I24: =D24*F24 -> 9.68
A25: PONTALETE DE MADEIRA BRUTA DE 3ª 8.0 X 8.0 CM | B25: M | C25: 21009 | D25: 1.13 | E25: 1 | F25: 9.85 | G25: 0 | H25: 9.85 | I25: =D25*F25 -> 11.13
A26: ARAME RECOZIDO N.18 BWG | B26: M²KG | C26: 27010 | D26: 0.02 | E26: 1 | F26: 12.38 | G26: 0 | H26: 12.38 | I26: =D26*F26 -> 0.25
A27: ACO CA-60 DE 5.0MM ( DISTRIBUIÇÃO C/ 15cm ) | B27: M² | C27: 21543 | D27: 2.16 | E27: 1 | F27: 7.89 | G27: 0 | H27: 17.8 | I27: =D27*F27 -> 17.04
A28: ACO CA-50 DE 8.0MM - (REFORÇO VIGOTAS) | B28: KG | C28: 21517 | D28: 4.74 | E28: 1 | F28: 6.8 | G28: 0 | H28: 6.8 | I28: =D28*F28 -> 32.23
A29: LAJE PRE-FABRICADA TRELIÇADA H= 12CM - SOBRECARGA 300 KG/M2 - PARA PISO - EXCLUSIVE CAPEAMENTO | B29: M² | C29: 7534 - ORSE | D29: 1 | E29: 1 | F29: 70.97 | G29: 0 | H29: 70.97 | I29: =D29*F29 -> 70.97
A30: SubTotal: | I30: =SUM(I19:I29) -> 175.48
A32: RESUMO
A33: DISCRIMINAÇÃO | D33: TAXA(%) | E33: VALORES
A34: Mão-de-Obra(A) | D34: 157.27 | E34: =I16 -> 60.04
A35: Materiais(B) | E35: =I30 -> 175.48
A36: Equipamentos(C) | E36: 0
A37: Produção da Equipe(D) | E37: 1
A38: Custo Horário Total(A+C) | E38: =I16+E36 -> 60.04
A39: Custo Unitário da Execução[(A/D)+(C/D)] = E | E39: =(E34/E37)+(E36/E37) -> 60.04
A40: Custo Direto Total(B+E) | E40: =E35+E39 -> 235.52
A41: Bonificações e Despesas Indiretas - BDI | D41: 0 | E41: 0
A42: CUSTO UNITÁRIO (Adotado) | E42: =E40+E41 -> 235.52

Sheet COMP-02
A1: COMPOSIÇÃO 02
G6: Data Base: FEVEREIRO/2025
A8: Serviço: Ponto para rede lógica em caixa de pvc amarela 4x2", com conector RJ-45 fêmea e caixa 4x4" PVC amarela | H8: Unidade: und
A11: MÃO DE OBRA | B11: Unid | C11: Código | D11: Coefic. | E11: C. Prod. | F11: Pr. Prod. | G11: Pr. Improd. | H11: Pr. Unit. | I11: Subtotal
A12: AJUDANTE (AJUDANTE PRATICO - SINDUSCON) | B12: H | C12: 10101 | D12: 6.52 | E12: 1 | F12: 20.32 | G12: 0 | H12: 20.32 | I12: =D12*H12 -> 132.49
A13: ELETRICISTA (OFICIAL - SINDUSCON) | B13: H | C13: 10115 | D13: 6.52 | E13: 1 | F13: 20.32 | G13: 0 | H13: 24.1 | I13: =D13*H13 -> 157.13
A14: SubTotal: | I14: =SUM(I12:I13) -> 289.62
A16: MATERIAL | B16: Unid | C16: Código | D16: Coefic. | E16: C. Prod. | F16: Pr. Prod. | G16: Pr. Improd. | H16: Pr. Unit. | I16: Subtotal
A17: CAIXA PVC 4" X 4" TIGREFLEX | B17: UN | C17: 41588 | D17: 1 | E17: 1 | F17: 4.59 | G17: 0 | H17: 4.59 | I17: =D17*F17 -> 4.59
A18: ELETRODUTO DE PVC RIGIDO 3/4" - ROSCAVEL SEM LUVA | B18: M | C18: 42502 | D18: 7.722 | E18: 1 | F18: 4.1 | G18: 0 | H18: 4.1 | I18: =D18*F18 -> 31.66
A19: CABO UTP 4 PARES CAT 5E | B19: M | C19: 43127 | D19: 10 | E19: 1 | F19: 3.18 | G19: 0 | H19: 3.18 | I19: =D19*F19 -> 31.8
A20: CAIXA PVC 4 X 2" - IP40 - TIGRE OU EQUIVALENTE | B20: UN | C20: 45104 | D20: 1 | E20: 1 | F20: 2.28 | G20: 0 | H20: 2.28 | I20: =D20*F20 -> 2.28
A21: ESPELHO 4X4", LINHA BRANCA COM SUPORTE PARA ENCAIXE | B21: UN | C21: 45526 | D21: 1 | E21: 1 | F21: 16.26 | G21: 0 | H21: 16.26 | I21: =D21*F21 -> 16.26
A22: ESPELHO 4X2" C/ 1 CONECTOR RJ-45 FEMEA CAT 5E | B22: UN | C22: 51008 | D22: 1 | E22: 1 | F22: 12.41 | G22: 0 | H22: 12.41 | I22: =D22*F22 -> 12.41
A23: SubTotal: | I23: =SUM(I17:I22) -> 99
A25: RESUMO
A26: DISCRIMINAÇÃO | D26: TAXA(%) | E26: VALORES
A27: Mão-de-Obra(A) | D27: 157.27 | E27: =I14 -> 289.62
A28: Materiais(B) | E28: =I23 -> 99
A29: Equipamentos(C) | E29: 0
A30: Produção da Equipe(D) | E30: 1
A31: Custo Horário Total(A+C) | E31: =I14+E29 -> 289.62
A32: Custo Unitário da Execução[(A/D)+(C/D)] = E | E32: =(E27/E30)+(E29/E30) -> 289.62
A33: Custo Direto Total(B+E) | E33: =E28+E32 -> 388.62
A34: Bonificações e Despesas Indiretas - BDI | D34: 0 | E34: 0
A35: CUSTO UNITÁRIO (Adotado) | E35: =E33+E34 -> 388.62

Sheet COMP-03
A1: COMPOSIÇÃO 03
G6: Data Base: FEVEREIRO/2025
A8: Serviço: Ponto de telefone | H8: Unidade: pt
A9: Base: LABOR | C9: Código Base: 160101 | E9: Fonte: LABOR | H9: Versão: 1
A11: MÃO DE OBRA | B11: Unid | C11: Código | D11: Coefic. | E11: C. Prod. | F11: Pr. Prod. | G11: Pr. Improd. | H11: Pr. Unit. | I11: Subtotal
A12: AJUDANTE | B12: H | C12: 10101 | D12: 5.25 | E12: 1 | F12: 4.67 | G12: 0 | H12: 12.17 | I12: =D12*H12 -> 63.89
A13: ELETRICISTA | B13: H | C13: 10115 | D13: 5.25 | E13: 1 | F13: 5.54 | G13: 0 | H13: 14.4 | I13: =D13*H13 -> 75.6
A14: SubTotal: | I14: =SUM(I12:I13) -> 139.49
A16: MATERIAL | B16: Unid | C16: Código | D16: Coefic. | E16: C. Prod. | F16: Pr. Prod. | G16: Pr. Improd. | H16: Pr. Unit. | I16: Subtotal
A17: ELETRODUTO DE PVC RIGIDO 3/4" - ROSCAVEL SEM LUVA | B17: M | C17: 42502 | D17: 19.8 | E17: 1 | F17: 2.15 | G17: 0 | H17: 2.15 | I17: =H17*D17 -> 42.57
A18: CABO UTP 4 PARES CAT 5E | B18: M | C18: 43127 | D18: 21 | E18: 1 | F18: 3.18 | G18: 0 | H18: 3.18 | I18: =D18*F18 -> 66.78
A19: CAIXA PVC 4 X 2" - IP40 - TIGRE OU EQUIVALENTE | B19: UN | C19: 45104 | D19: 1 | E19: 1 | F19: 2.28 | G19: 0 | H19: 2.28 | I19: =D19*F19 -> 2.28
A20: TOMADA TELEFONE COM CONECTOR RJ11 | B20: UN | C20: 51015 | D20: 1 | E20: 1 | F20: 59.99 | G20: 0 | H20: 59.99 | I20: =H20*D20 -> 59.99
A21: SubTotal: | I21: =SUM(I17:I20) -> 171.62
A23: RESUMO
A24: DISCRIMINAÇÃO | D24: TAXA(%) | E24: VALORES
A25: Mão-de-Obra(A) | D25: 160.37 | E25: =I14 -> 139.49
A26: Materiais(B) | E26: =I21 -> 171.62
A27: Equipamentos(C) | E27: 0
A28: Produção da Equipe(D) | E28: 1
A29: Custo Horário Total(A+C) | E29: =E25+E27 -> 139.49
A30: Custo Unitário da Execução[(A/D)+(C/D)] = E | E30: =(E25/E28)+(E27/E28) -> 139.49
A31: Custo Direto Total(B+E) | E31: =(E26+E30) -> 311.11
A32: Bonificações e Despesas Indiretas - BDI | D32: 0 | E32: 0
A33: CUSTO UNITÁRIO (Adotado) | E33: =E31+E32 -> 311.11

Sheet COMP-04
A1: COMPOSIÇÃO DE PREÇO UNITÁRIO - 04 | F1: ='[1]PLANILHA '!H7 -> DATA BASE DA PLANILHA: | I1: ='[2]CRONOGRAMA '!E3 -> JANEIRO 2025
A2: SERVIÇO: | C2: CURVA 45 GRAUS, PVC, SOLDÁVEL, DN 110MM, INSTALADO EM RAMAL OU SUB-RAMAL DE ÁGUA - FORNECIMENTO E INSTALAÇÃO.
J3: UNIDADE: | L3: und
A4: CÓD. | B4: ÓRGÃO | C4: EQUIPAMENTO | D4: COND. DE TRAB. | E4: UTILIZAÇÃO | J4: CUSTO OPERACIONAL
E5: QUANT | H5: PROD | I5: IMPR | J5: Vl Hr.Prod | K5: Vl Hr. Imp | L5: Custo Horário
L6: =E6*J6*1.0815 -> 0
A8: ( A ) TOTAL | L8: =SUM(L6:L7) -> 0
A9: CÓD. | B9: ÓRGÃO | C9: MÃO DE OBRA SUPLEMENTAR | D9: UNIDADE | E9: QUANTIDADE | J9: SALÁRIO HORA | L9: CUSTO HORÁRIO
A10: 88267 | B10: SINAPI | C10: ENCANADOR OU BOMBEIRO HIDRÁULICO COM ENCARGOS COMPLEMENTARES | D10: H | E10: 0.3 | J10: 29.54 | L10: =ROUND(J10*E10,2) -> 8.86
A11: 88248 | B11: SINAPI | C11: AUXILIAR DE ENCANADOR OU BOMBEIRO HIDRÁULICO COM ENCARGOS COMPLEMENTARES | D11: H | E11: 0.3 | J11: 25.3 | L11: =ROUND(J11*E11,2) -> 7.59
A14: ( B ) TOTAL | L14: =SUM(L10:L13) -> 16.45
A15: ( C ) ADICIONAL DE FERRAMENTAS MANUAIS (5%) | L15: =L14*0.05 -> 0.82
A16: ( D ) PRODUÇÃO DA EQUIPE | L16: 1
A17: CUSTO UNITÁRIO DA EXECUÇÃO ( A + B + C) / D = ( E ) | L17: =ROUND((L8+L14+L15)/L16,2) -> 17.27
A18: CÓD. | B18: ÓRGÃO | C18: MATERIAIS | D18: UNIDADE | E18: CONSUMO | J18: CUSTO UNITÁRIO | L18: CUSTO
A19: 122 | B19: SINAPI | C19: ADESIVO PLASTICO PARA PVC, FRASCO COM *850* GR | D19: und | E19: 0.0353 | J19: 66.86 | L19: =E19*J19 -> 2.36
A20: MERCADO 03 | C20: =[2]MERC.03!C2 -> #REF! | D20: und | E20: 1 | J20: =[2]MERC.03!H10 -> #REF! | L20: =E20*J20 -> #REF!
A21: 20083 | B21: SINAPI | C21: SOLUCAO PREPARADORA / LIMPADORA PARA PVC, FRASCO COM 1000 CM3 | D21: und | E21: 0.06 | J21: 78.02 | L21: =E21*J21 -> 4.68
A22: 38383 | B22: SINAPI | C22: LIXA D'AGUA EM FOLHA, GRAO 100 | D22: m | E22: 0.03 | J22: 2.44 | L22: =E22*J22 -> 0.07
A23: ( F ) TOTAL | L23: =SUM(L19:L22) -> #REF!
A24: CÓD. | B24: ÓRGÃO | C24: SERVIÇOS | D24: UNIDADE | E24: CONSUMO | J24: CUSTO UNITÁRIO | L24: CUSTO
L25: =J25*E25 -> 0
A26: ( G ) TOTAL | L26: =SUM(L25:L25) -> 0
A27: CÓD. | B27: ÓRGÃO | C27: TRANSPORTE | D27: UNIDADE | E27: D.M.T. | F27: D.M.T. | G27: CONSUMO (t) | H27: CUSTO TOTAL | L27: CUSTO
E28: XP | F28: XR | H28: FÓRMULA | J28: CUSTO UNITÁRIO
L29: =G29*J29 -> 0
A30: ( H ) TOTAL | L30: =SUM(L29:L29) -> 0
A31: CUSTO DIRETO TOTAL ( E ) + ( F ) + ( G ) + ( H ) | L31: =L17+L23+L26+L30 -> #REF!
A32: CUSTO UNITÁRIO TOTAL | L32: =L31 -> #REF!

Sheet COMP-05
A1: COMPOSIÇÃO DE PREÇO UNITÁRIO - 05 | F1: ='[1]PLANILHA '!H7 -> DATA BASE DA PLANILHA: | I1: ='[2]CRONOGRAMA '!E3 -> JANEIRO 2025
A2: SERVIÇO: | C2: TÊ, PVC, SOLDÁVEL, DN 110MM, INSTALADO EM RAMAL OU SUB-RAMAL DE ÁGUA - FORNECIMENTO E INSTALAÇÃO.
J3: UNIDADE: | L3: und
A4: CÓD. | B4: ÓRGÃO | C4: EQUIPAMENTO | D4: COND. DE TRAB. | E4: UTILIZAÇÃO | J4: CUSTO OPERACIONAL
E5: QUANT | H5: PROD | I5: IMPR | J5: Vl Hr.Prod | K5: Vl Hr. Imp | L5: Custo Horário
L6: =E6*J6*1.0815 -> 0
A8: ( A ) TOTAL | L8: =SUM(L6:L7) -> 0
A9: CÓD. | B9: ÓRGÃO | C9: MÃO DE OBRA SUPLEMENTAR | D9: UNIDADE | E9: QUANTIDADE | J9: SALÁRIO HORA | L9: CUSTO HORÁRIO
A10: 88267 | B10: SINAPI | C10: ENCANADOR OU BOMBEIRO HIDRÁULICO COM ENCARGOS COMPLEMENTARES | D10: H | E10: 0.3 | J10: 29.54 | L10: =ROUND(J10*E10,2) -> 8.86
A11: 88248 | B11: SINAPI | C11: AUXILIAR DE ENCANADOR OU BOMBEIRO HIDRÁULICO COM ENCARGOS COMPLEMENTARES | D11: H | E11: 0.3 | J11: 25.3 | L11: =ROUND(J11*E11,2) -> 7.59
A14: ( B ) TOTAL | L14: =SUM(L10:L13) -> 16.45
A15: ( C ) ADICIONAL DE FERRAMENTAS MANUAIS (5%) | L15: =L14*0.05 -> 0.82
A16: ( D ) PRODUÇÃO DA EQUIPE | L16: 1
A17: CUSTO UNITÁRIO DA EXECUÇÃO ( A + B + C) / D = ( E ) | L17: =ROUND((L8+L14+L15)/L16,2) -> 17.27
A18: CÓD. | B18: ÓRGÃO | C18: MATERIAIS | D18: UNIDADE | E18: CONSUMO | J18: CUSTO UNITÁRIO | L18: CUSTO
A19: 122 | B19: SINAPI | C19: ADESIVO PLASTICO PARA PVC, FRASCO COM *850* GR | D19: und | E19: 0.0353 | J19: 66.86 | L19: =E19*J19 -> 2.36
A20: MERCADO 04 | C20: =[2]MERC.04!C2 -> #REF! | D20: und | E20: 1 | J20: =[2]MERC.04!H10 -> #REF! | L20: =E20*J20 -> #REF!
A21: 20083 | B21: SINAPI | C21: SOLUCAO PREPARADORA / LIMPADORA PARA PVC, FRASCO COM 1000 CM3 | D21: und | E21: 0.06 | J21: 78.02 | L21: =E21*J21 -> 4.68
A22: 38383 | B22: SINAPI | C22: LIXA D'AGUA EM FOLHA, GRAO 100 | D22: m | E22: 0.03 | J22: 2.44 | L22: =E22*J22 -> 0.07
A23: ( F ) TOTAL | L23: =SUM(L19:L22) -> #REF!
A24: CÓD. | B24: ÓRGÃO | C24: SERVIÇOS | D24: UNIDADE | E24: CONSUMO | J24: CUSTO UNITÁRIO | L24: CUSTO
L25: =J25*E25 -> 0
A26: ( G ) TOTAL | L26: =SUM(L25:L25) -> 0
A27: CÓD. | B27: ÓRGÃO | C27: TRANSPORTE | D27: UNIDADE | E27: D.M.T. | F27: D.M.T. | G27: CONSUMO (t) | H27: CUSTO TOTAL | L27: CUSTO
E28: XP | F28: XR | H28: FÓRMULA | J28: CUSTO UNITÁRIO
L29: =G29*J29 -> 0
A30: ( H ) TOTAL | L30: =SUM(L29:L29) -> 0
A31: CUSTO DIRETO TOTAL ( E ) + ( F ) + ( G ) + ( H ) | L31: =L17+L23+L26+L30 -> #REF!
A32: CUSTO UNITÁRIO TOTAL | L32: =L31 -> #REF!

Sheet COMP-06
A1: COMPOSIÇÃO DE PREÇO UNITÁRIO - 06 | F1: ='[1]PLANILHA '!H7 -> DATA BASE DA PLANILHA: | I1: ='[2]CRONOGRAMA '!E3 -> JANEIRO 2025
A2: SERVIÇO: | C2: TUBO DE PVC, SOLDÁVEL, DN 110MM, INSTALADO EM RAMAL OU SUB-RAMAL DE ÁGUA - FORNECIMENTO E INSTALAÇÃO.
J3: UNIDADE: | L3: m
A4: CÓD. | B4: ÓRGÃO | C4: EQUIPAMENTO | D4: COND. DE TRAB. | E4: UTILIZAÇÃO | J4: CUSTO OPERACIONAL
E5: QUANT | H5: PROD | I5: IMPR | J5: Vl Hr.Prod | K5: Vl Hr. Imp | L5: Custo Horário
L6: =E6*J6*1.0815 -> 0
A8: ( A ) TOTAL | L8: =SUM(L6:L7) -> 0
A9: CÓD. | B9: ÓRGÃO | C9: MÃO DE OBRA SUPLEMENTAR | D9: UNIDADE | E9: QUANTIDADE | J9: SALÁRIO HORA | L9: CUSTO HORÁRIO
A10: 88267 | B10: SINAPI | C10: ENCANADOR OU BOMBEIRO HIDRÁULICO COM ENCARGOS COMPLEMENTARES | D10: H | E10: 0.453 | J10: 29.54 | L10: =ROUND(J10*E10,2) -> 13.38
A11: 88248 | B11: SINAPI | C11: AUXILIAR DE ENCANADOR OU BOMBEIRO HIDRÁULICO COM ENCARGOS COMPLEMENTARES | D11: H | E11: 0.453 | J11: 25.3 | L11: =ROUND(J11*E11,2) -> 11.46
A14: ( B ) TOTAL | L14: =SUM(L10:L13) -> 24.84
A15: ( C ) ADICIONAL DE FERRAMENTAS MANUAIS (5%) | L15: =L14*0.05 -> 1.24
A16: ( D ) PRODUÇÃO DA EQUIPE | L16: 1
A17: CUSTO UNITÁRIO DA EXECUÇÃO ( A + B + C) / D = ( E ) | L17: =ROUND((L8+L14+L15)/L16,2) -> 26.08
A18: CÓD. | B18: ÓRGÃO | C18: MATERIAIS | D18: UNIDADE | E18: CONSUMO | J18: CUSTO UNITÁRIO | L18: CUSTO
A19: MERCADO 05 | C19: =[2]MERC.05!C2 -> #REF! | D19: m | E19: =1/6 -> 0.1667 | J19: =[2]MERC.05!H10 -> #REF! | L19: =E19*J19 -> #REF!
A20: 38383 | B20: SINAPI | C20: LIXA D'AGUA EM FOLHA, GRAO 100 | D20: m | E20: 0.1056 | J20: 2.44 | L20: =E20*J20 -> 0.26
A21: ( F ) TOTAL | L21: =SUM(L19:L20) -> #REF!
A22: CÓD. | B22: ÓRGÃO | C22: SERVIÇOS | D22: UNIDADE | E22: CONSUMO | J22: CUSTO UNITÁRIO | L22: CUSTO
L23: =J23*E23 -> 0
A24: ( G ) TOTAL | L24: =SUM(L23:L23) -> 0
A25: CÓD. | B25: ÓRGÃO | C25: TRANSPORTE | D25: UNIDADE | E25: D.M.T. | F25: D.M.T. | G25: CONSUMO (t) | H25: CUSTO TOTAL | L25: CUSTO
E26: XP | F26: XR | H26: FÓRMULA | J26: CUSTO UNITÁRIO
L27: =G27*J27 -> 0
A28: ( H ) TOTAL | L28: =SUM(L27:L27) -> 0
A29: CUSTO DIRETO TOTAL ( E ) + ( F ) + ( G ) + ( H ) | L29: =L17+L21+L24+L28 -> #REF!
A30: CUSTO UNITÁRIO TOTAL | L30: =L29 -> #REF!

Sheet COMP-07
A1: COMPOSIÇÃO DE PREÇO UNITÁRIO - 07 | F1: ='[1]PLANILHA '!H7 -> DATA BASE DA PLANILHA: | I1: ='[2]CRONOGRAMA '!E3 -> JANEIRO 2025
A2: SERVIÇO: | C2: REDUÇÃO, PVC, SOLDÁVEL, DN 110MM PARA DN 75MM, INSTALADO EM RAMAL OU SUB-RAMAL DE ÁGUA - FORNECIMENTO E INSTALAÇÃO.
J3: UNIDADE: | L3: und
A4: CÓD. | B4: ÓRGÃO | C4: EQUIPAMENTO | D4: COND. DE TRAB. | E4: UTILIZAÇÃO | J4: CUSTO OPERACIONAL
E5: QUANT | H5: PROD | I5: IMPR | J5: Vl Hr.Prod | K5: Vl Hr. Imp | L5: Custo Horário
L6: =E6*J6*1.0815 -> 0
A8: ( A ) TOTAL | L8: =SUM(L6:L7) -> 0
A9: CÓD. | B9: ÓRGÃO | C9: MÃO DE OBRA SUPLEMENTAR | D9: UNIDADE | E9: QUANTIDADE | J9: SALÁRIO HORA | L9: CUSTO HORÁRIO
A10: 88267 | B10: SINAPI | C10: ENCANADOR OU BOMBEIRO HIDRÁULICO COM ENCARGOS COMPLEMENTARES | D10: H | E10: 0.3 | J10: 29.54 | L10: =ROUND(J10*E10,2) -> 8.86
A11: 88248 | B11: SINAPI | C11: AUXILIAR DE ENCANADOR OU BOMBEIRO HIDRÁULICO COM ENCARGOS COMPLEMENTARES | D11: H | E11: 0.3 | J11: 25.3 | L11: =ROUND(J11*E11,2) -> 7.59
A14: ( B ) TOTAL | L14: =SUM(L10:L13) -> 16.45
A15: ( C ) ADICIONAL DE FERRAMENTAS MANUAIS (5%) | L15: =L14*0.05 -> 0.82
A16: ( D ) PRODUÇÃO DA EQUIPE | L16: 1
A17: CUSTO UNITÁRIO DA EXECUÇÃO ( A + B + C) / D = ( E ) | L17: =ROUND((L8+L14+L15)/L16,2) -> 17.27
A18: CÓD. | B18: ÓRGÃO | C18: MATERIAIS | D18: UNIDADE | E18: CONSUMO | J18: CUSTO UNITÁRIO | L18: CUSTO
A19: 122 | B19: SINAPI | C19: ADESIVO PLASTICO PARA PVC, FRASCO COM *850* GR | D19: und | E19: 0.0353 | J19: 66.86 | L19: =E19*J19 -> 2.36
A20: MERCADO 06 | C20: =[2]MERC.06!C2 -> #REF! | D20: und | E20: 1 | J20: =[2]MERC.06!H10 -> #REF! | L20: =E20*J20 -> #REF!
A21: 20083 | B21: SINAPI | C21: SOLUCAO PREPARADORA / LIMPADORA PARA PVC, FRASCO COM 1000 CM3 | D21: und | E21: 0.06 | J21: 78.02 | L21: =E21*J21 -> 4.68
A22: 38383 | B22: SINAPI | C22: LIXA D'AGUA EM FOLHA, GRAO 100 | D22: m | E22: 0.03 | J22: 2.44 | L22: =E22*J22 -> 0.07
A23: ( F ) TOTAL | L23: =SUM(L19:L22) -> #REF!
A24: CÓD. | B24: ÓRGÃO | C24: SERVIÇOS | D24: UNIDADE | E24: CONSUMO | J24: CUSTO UNITÁRIO | L24: CUSTO
L25: =J25*E25 -> 0
A26: ( G ) TOTAL | L26: =SUM(L25:L25) -> 0
A27: CÓD. | B27: ÓRGÃO | C27: TRANSPORTE | D27: UNIDADE | E27: D.M.T. | F27: D.M.T. | G27: CONSUMO (t) | H27: CUSTO TOTAL | L27: CUSTO
E28: XP | F28: XR | H28: FÓRMULA | J28: CUSTO UNITÁRIO
L29: =G29*J29 -> 0
A30: ( H ) TOTAL | L30: =SUM(L29:L29) -> 0
A31: CUSTO DIRETO TOTAL ( E ) + ( F ) + ( G ) + ( H ) | L31: =L17+L23+L26+L30 -> #REF!
A32: CUSTO UNITÁRIO TOTAL | L32: =L31 -> #REF!

Sheet COMP-08
A1: COMPOSIÇÃO DE PREÇO UNITÁRIO - 08 | F1: ='[1]PLANILHA '!H7 -> DATA BASE DA PLANILHA: | I1: ='[2]CRONOGRAMA '!E3 -> JANEIRO 2025
A2: SERVIÇO: | C2: REDUÇÃO, PVC, SOLDÁVEL, DN 75MM PARA DN 50MM, INSTALADO EM RAMAL OU SUB-RAMAL DE ÁGUA - FORNECIMENTO E INSTALAÇÃO.
J3: UNIDADE: | L3: und
A4: CÓD. | B4: ÓRGÃO | C4: EQUIPAMENTO | D4: COND. DE TRAB. | E4: UTILIZAÇÃO | J4: CUSTO OPERACIONAL
E5: QUANT | H5: PROD | I5: IMPR | J5: Vl Hr.Prod | K5: Vl Hr. Imp | L5: Custo Horário
L6: =E6*J6*1.0815 -> 0
A8: ( A ) TOTAL | L8: =SUM(L6:L7) -> 0
A9: CÓD. | B9: ÓRGÃO | C9: MÃO DE OBRA SUPLEMENTAR | D9: UNIDADE | E9: QUANTIDADE | J9: SALÁRIO HORA | L9: CUSTO HORÁRIO
A10: 88267 | B10: SINAPI | C10: ENCANADOR OU BOMBEIRO HIDRÁULICO COM ENCARGOS COMPLEMENTARES | D10: H | E10: 0.3 | J10: 29.54 | L10: =ROUND(J10*E10,2) -> 8.86
A11: 88248 | B11: SINAPI | C11: AUXILIAR DE ENCANADOR OU BOMBEIRO HIDRÁULICO COM ENCARGOS COMPLEMENTARES | D11: H | E11: 0.3 | J11: 25.3 | L11: =ROUND(J11*E11,2) -> 7.59
A14: ( B ) TOTAL | L14: =SUM(L10:L13) -> 16.45
A15: ( C ) ADICIONAL DE FERRAMENTAS MANUAIS (5%) | L15: =L14*0.05 -> 0.82
A16: ( D ) PRODUÇÃO DA EQUIPE | L16: 1
A17: CUSTO UNITÁRIO DA EXECUÇÃO ( A + B + C) / D = ( E ) | L17: =ROUND((L8+L14+L15)/L16,2) -> 17.27
A18: CÓD. | B18: ÓRGÃO | C18: MATERIAIS | D18: UNIDADE | E18: CONSUMO | J18: CUSTO UNITÁRIO | L18: CUSTO
A19: 122 | B19: SINAPI | C19: ADESIVO PLASTICO PARA PVC, FRASCO COM *850* GR | D19: und | E19: 0.0353 | J19: 66.86 | L19: =E19*J19 -> 2.36
A20: MERCADO 07 | C20: =[2]MERC.07!C2 -> #REF! | D20: und | E20: 1 | J20: =[2]MERC.07!H10 -> #REF! | L20: =E20*J20 -> #REF!
A21: 20083 | B21: SINAPI | C21: SOLUCAO PREPARADORA / LIMPADORA PARA PVC, FRASCO COM 1000 CM3 | D21: und | E21: 0.06 | J21: 78.02 | L21: =E21*J21 -> 4.68
A22: 38383 | B22: SINAPI | C22: LIXA D'AGUA EM FOLHA, GRAO 100 | D22: m | E22: 0.03 | J22: 2.44 | L22: =E22*J22 -> 0.07
A23: ( F ) TOTAL | L23: =SUM(L19:L22) -> #REF!
A24: CÓD. | B24: ÓRGÃO | C24: SERVIÇOS | D24: UNIDADE | E24: CONSUMO | J24: CUSTO UNITÁRIO | L24: CUSTO
L25: =J25*E25 -> 0
A26: ( G ) TOTAL | L26: =SUM(L25:L25) -> 0
A27: CÓD. | B27: ÓRGÃO | C27: TRANSPORTE | D27: UNIDADE | E27: D.M.T. | F27: D.M.T. | G27: CONSUMO (t) | H27: CUSTO TOTAL | L27: CUSTO
E28: XP | F28: XR | H28: FÓRMULA | J28: CUSTO UNITÁRIO
L29: =G29*J29 -> 0
A30: ( H ) TOTAL | L30: =SUM(L29:L29) -> 0
A31: CUSTO DIRETO TOTAL ( E ) + ( F ) + ( G ) + ( H ) | L31: =L17+L23+L26+L30 -> #REF!
A32: CUSTO UNITÁRIO TOTAL | L32: =L31 -> #REF!

Sheet COMP-09
A1: COMPOSIÇÃO DE PREÇO UNITÁRIO - 09 | F1: ='[1]PLANILHA '!H7 -> DATA BASE DA PLANILHA: | I1: ='[2]CRONOGRAMA '!E3 -> JANEIRO 2025
A2: SERVIÇO: | C2: REDUÇÃO, PVC, SOLDÁVEL, DN 75MM PARA DN 60MM, INSTALADO EM RAMAL OU SUB-RAMAL DE ÁGUA - FORNECIMENTO E INSTALAÇÃO.
J3: UNIDADE: | L3: und
A4: CÓD. | B4: ÓRGÃO | C4: EQUIPAMENTO | D4: COND. DE TRAB. | E4: UTILIZAÇÃO | J4: CUSTO OPERACIONAL
E5: QUANT | H5: PROD | I5: IMPR | J5: Vl Hr.Prod | K5: Vl Hr. Imp | L5: Custo Horário
L6: =E6*J6*1.0815 -> 0
A8: ( A ) TOTAL | L8: =SUM(L6:L7) -> 0
A9: CÓD. | B9: ÓRGÃO | C9: MÃO DE OBRA SUPLEMENTAR | D9: UNIDADE | E9: QUANTIDADE | J9: SALÁRIO HORA | L9: CUSTO HORÁRIO
A10: 88267 | B10: SINAPI | C10: ENCANADOR OU BOMBEIRO HIDRÁULICO COM ENCARGOS COMPLEMENTARES | D10: H | E10: 0.3 | J10: 29.54 | L10: =ROUND(J10*E10,2) -> 8.86
A11: 88248 | B11: SINAPI | C11: AUXILIAR DE ENCANADOR OU BOMBEIRO HIDRÁULICO COM ENCARGOS COMPLEMENTARES | D11: H | E11: 0.3 | J11: 25.3 | L11: =ROUND(J11*E11,2) -> 7.59
A14: ( B ) TOTAL | L14: =SUM(L10:L13) -> 16.45
A15: ( C ) ADICIONAL DE FERRAMENTAS MANUAIS (5%) | L15: =L14*0.05 -> 0.82
A16: ( D ) PRODUÇÃO DA EQUIPE | L16: 1
A17: CUSTO UNITÁRIO DA EXECUÇÃO ( A + B + C) / D = ( E ) | L17: =ROUND((L8+L14+L15)/L16,2) -> 17.27
A18: CÓD. | B18: ÓRGÃO | C18: MATERIAIS | D18: UNIDADE | E18: CONSUMO | J18: CUSTO UNITÁRIO | L18: CUSTO
A19: 122 | B19: SINAPI | C19: ADESIVO PLASTICO PARA PVC, FRASCO COM *850* GR | D19: und | E19: 0.0353 | J19: 66.86 | L19: =E19*J19 -> 2.36
A20: MERCADO 08 | C20: =[2]MERC.08!C2 -> #REF! | D20: und | E20: 1 | J20: =[2]MERC.08!H10 -> #REF! | L20: =E20*J20 -> #REF!
A21: 20083 | B21: SINAPI | C21: SOLUCAO PREPARADORA / LIMPADORA PARA PVC, FRASCO COM 1000 CM3 | D21: und | E21: 0.06 | J21: 78.02 | L21: =E21*J21 -> 4.68
A22: 38383 | B22: SINAPI | C22: LIXA D'AGUA EM FOLHA, GRAO 100 | D22: m | E22: 0.03 | J22: 2.44 | L22: =E22*J22 -> 0.07
A23: ( F ) TOTAL | L23: =SUM(L19:L22) -> #REF!
A24: CÓD. | B24: ÓRGÃO | C24: SERVIÇOS | D24: UNIDADE | E24: CONSUMO | J24: CUSTO UNITÁRIO | L24: CUSTO
L25: =J25*E25 -> 0
A26: ( G ) TOTAL | L26: =SUM(L25:L25) -> 0
A27: CÓD. | B27: ÓRGÃO | C27: TRANSPORTE | D27: UNIDADE | E27: D.M.T. | F27: D.M.T. | G27: CONSUMO (t) | H27: CUSTO TOTAL | L27: CUSTO
E28: XP | F28: XR | H28: FÓRMULA | J28: CUSTO UNITÁRIO
L29: =G29*J29 -> 0
A30: ( H ) TOTAL | L30: =SUM(L29:L29) -> 0
A31: CUSTO DIRETO TOTAL ( E ) + ( F ) + ( G ) + ( H ) | L31: =L17+L23+L26+L30 -> #REF!
A32: CUSTO UNITÁRIO TOTAL | L32: =L31 -> #REF!

Sheet COMP-10
A1: COMPOSIÇÃO DE PREÇO UNITÁRIO - 10 | F1: ='[1]PLANILHA '!H7 -> DATA BASE DA PLANILHA: | I1: ='[2]CRONOGRAMA '!E3 -> JANEIRO 2025
A2: SERVIÇO: | C2: TAMPÃO FERRO FUNDIDO, ARTICULADO, 120 X 95 - FORNECIMENTO E INSTALAÇÃO.
J3: UNIDADE: | L3: und
A4: CÓD. | B4: ÓRGÃO | C4: EQUIPAMENTO | D4: COND. DE TRAB. | E4: UTILIZAÇÃO | J4: CUSTO OPERACIONAL
E5: QUANT | H5: PROD | I5: IMPR | J5: Vl Hr.Prod | K5: Vl Hr. Imp | L5: Custo Horário
L6: =E6*J6*1.0815 -> 0
A8: ( A ) TOTAL | L8: =SUM(L6:L7) -> 0
A9: CÓD. | B9: ÓRGÃO | C9: MÃO DE OBRA SUPLEMENTAR | D9: UNIDADE | E9: QUANTIDADE | J9: SALÁRIO HORA | L9: CUSTO HORÁRIO
A10: 10101 | B10: DER-EDIF. | C10: PEDREIRO (OFICIAL - SINDUSCON) (LABOR) | D10: H | E10: 5 | J10: 24.1 | L10: =ROUND(J10*E10,2) -> 120.5
A11: 010146 | B11: DER-EDIF. | C11: SERVENTE (AUXILIAR DE OBRAS - SINDUSCON) (LABOR) | D11: H | E11: 5.5 | J11: 17.88 | L11: =ROUND(J11*E11,2) -> 98.34
A14: ( B ) TOTAL | L14: =SUM(L10:L13) -> 218.84
A15: ( C ) ADICIONAL DE FERRAMENTAS MANUAIS (5%) | L15: =L14*0.05 -> 10.94
A16: ( D ) PRODUÇÃO DA EQUIPE | L16: 1
A17: CUSTO UNITÁRIO DA EXECUÇÃO ( A + B + C) / D = ( E ) | L17: =ROUND((L8+L14+L15)/L16,2) -> 229.78
A18: CÓD. | B18: ÓRGÃO | C18: MATERIAIS | D18: UNIDADE | E18: CONSUMO | J18: CUSTO UNITÁRIO | L18: CUSTO
A19: 20503 | B19: DER-EDIF. | C19: AREIA LAVADA MEDIA (LABOR) | D19: m³ | E19: 0.05 | J19: 136.67 | L19: =E19*J19 -> 6.83
A20: MERCADO 09 | C20: =[2]MERC.09!C2 -> #REF! | D20: und | E20: 1 | J20: =[2]MERC.09!H10 -> #REF! | L20: =E20*J20 -> #REF!
A21: 20508 | B21: DER-EDIF. | C21: CIMENTO PORTLAND CP III - 40 (LABOR) | D21: kg | E21: 1 | J21: 0.57 | L21: =E21*J21 -> 0.57
A22: 69512 | B22: DER-EDIF. | C22: FITA DE VEDACAO 18MM X 50M (LABOR) | D22: m | E22: 4 | J22: 0.21 | L22: =E22*J22 -> 0.84
A23: ( F ) TOTAL | L23: =SUM(L19:L22) -> #REF!
A24: CÓD. | B24: ÓRGÃO | C24: SERVIÇOS | D24: UNIDADE | E24: CONSUMO | J24: CUSTO UNITÁRIO | L24: CUSTO
L25: =J25*E25 -> 0
A26: ( G ) TOTAL | L26: =SUM(L25:L25) -> 0
A27: CÓD. | B27: ÓRGÃO | C27: TRANSPORTE | D27: UNIDADE | E27: D.M.T. | F27: D.M.T. | G27: CONSUMO (t) | H27: CUSTO TOTAL | L27: CUSTO
E28: XP | F28: XR | H28: FÓRMULA | J28: CUSTO UNITÁRIO
L29: =G29*J29 -> 0
A30: ( H ) TOTAL | L30: =SUM(L29:L29) -> 0
A31: CUSTO DIRETO TOTAL ( E ) + ( F ) + ( G ) + ( H ) | L31: =L17+L23+L26+L30 -> #REF!
A32: CUSTO UNITÁRIO TOTAL | L32: =L31 -> #REF!

Sheet COMP-11
A1: COMPOSIÇÃO DE PREÇO UNITÁRIO - 11 | F1: DATA BASE DA PLANILHA: | I1: JANEIRO 2025
A2: SERVIÇO: | C2: BANCO DE ALVENARIA DE BLOCO DE CONCRETO COM REVESTIMENTO EM GRANIZO CINZA ANDORINHA, DIM 2,5 X 0,6 X 0,43
J3: UNIDADE: | L3: und
A4: CÓD. | B4: ÓRGÃO | C4: EQUIPAMENTO | D4: COND. DE TRAB. | E4: UTILIZAÇÃO | J4: CUSTO OPERACIONAL
E5: QUANT | H5: PROD | I5: IMPR | J5: Vl Hr.Prod | K5: Vl Hr. Imp | L5: Custo Horário
L6: =E6*J6*1.0815 -> 0
A8: ( A ) TOTAL | L8: =SUM(L6:L7) -> 0
A9: CÓD. | B9: ÓRGÃO | C9: MÃO DE OBRA SUPLEMENTAR | D9: UNIDADE | E9: QUANTIDADE | J9: SALÁRIO HORA | L9: CUSTO HORÁRIO
A10: 010146 | B10: DER-EDIF. | C10: SERVENTE (AUXILIAR DE OBRAS - SINDUSCON) (LABOR) | D10: H | E10: 24 | J10: 17.88 | L10: =ROUND(J10*E10,2) -> 429.12
A11: 10124 | B11: DER-EDIF. | C11: GRANITEIRO/MARMORISTA (OFICIAL - SINDUSCON) (LABOR) | D11: H | E11: 24 | J11: 24.1 | L11: =ROUND(J11*E11,2) -> 578.4
A13: ( B ) TOTAL | L13: =SUM(L10:L12) -> 1007.52
A14: ( C ) ADICIONAL DE FERRAMENTAS MANUAIS (5%) | L14: =L13*0.05 -> 50.38
A15: ( D ) PRODUÇÃO DA EQUIPE | L15: 1
A16: CUSTO UNITÁRIO DA EXECUÇÃO ( A + B + C) / D = ( E ) | L16: =ROUND((L8+L13+L14)/L15,2) -> 1057.9
A17: CÓD. | B17: ÓRGÃO | C17: MATERIAIS | D17: UNIDADE | E17: CONSUMO | J17: CUSTO UNITÁRIO | L17: CUSTO
A18: 32505 | B18: DER-EDIF. | C18: GRANITO CINZA ANDORINHA POLIDO ESP. 2CM P/ BANCAD (LABOR) | D18: m² | E18: =((2.5+2.5+0.5+0.5)*0.43)+(2.5*0.5) -> 3.83 | J18: 253.83 | L18: =E18*J18 -> 972.17
A19: 20732 | B19: DER-EDIF. | C19: ARGAM COLANTE FLEXIVEL AC III P/ ASSENT. PORCELANATO E PEDRAS (GRANITO E MÁRMORE) (LABOR) | D19: kg | E19: =1.5*E18 -> 5.75 | J19: 2.38 | L19: =E19*J19 -> 13.69
A20: ( B ) TOTAL | L20: =SUM(L18:L19) -> 985.86
A21: CÓD. | B21: ÓRGÃO | C21: SERVIÇOS | D21: UNIDADE | E21: CONSUMO | J21: CUSTO UNITÁRIO | L21: CUSTO
A22: 50501 | B22: DER-EDIF. | C22: Alvenaria de blocos de concreto estrut. (14x19x39cm) cheios, c/ resist. mín. compr. 15MPa, assentados c/ arg. de cimento e areia no traço 1:4, esp. juntas 10mm e esp. da parede s/ revest. 14cm | D22: m² | E22: =0.35*4*2.5 -> 3.5 | J22: 5.6 | L22: =J22*E22 -> 19.6
A23: 110101 | B23: DER-EDIF. | C23: Chapisco com argamassa de cimento e areia média ou grossa lavada no traço 1:3, espessura 5 mm | D23: m² | E23: =((2.5+2.5+0.5+0.5)*0.43)+(2.5*0.5) -> 3.83 | J23: 14.2 | L23: =J23*E23 -> 54.39
A24: 110302 | B24: DER-EDIF. | C24: Reboco tipo paulista de argamassa de cimento, cal hidratada CH1 e areia lavada traço 1:0.5:6, espessura 25 mm | D24: m² | E24: =((2.5+2.5+0.5+0.5)*0.43)+(2.5*0.5) -> 3.83 | J24: 68.2 | L24: =J24*E24 -> 261.21
A25: 130109 | B25: DER-EDIF. | C25: Lastro regularizado e impermeabilizado de concreto não estrutural, espessura de 8 cm | D25: m² | E25: =2.5*0.5 -> 1.25 | J25: 83.67 | L25: =J25*E25 -> 104.59
A26: ( B ) TOTAL | L26: =SUM(L22:L25) -> 439.79
A27: CÓD. | B27: ÓRGÃO | C27: TRANSPORTE | D27: UNIDADE | E27: D.M.T. | F27: D.M.T. | G27: CONSUMO (t) | H27: CUSTO TOTAL | L27: CUSTO
E28: XP | F28: XR | H28: FÓRMULA | J28: CUSTO UNITÁRIO
L29: =G29*J29 -> 0
A30: ( H ) TOTAL | L30: =SUM(L29:L29) -> 0
A31: CUSTO DIRETO TOTAL ( E ) + ( F ) + ( G ) + ( H ) | L31: =L16+L20+L26+L30 -> 2483.55
A32: CUSTO UNITÁRIO TOTAL | L32: =L31 -> 2483.55

Sheet CRONOGRAMA
A1: P R E F E I T U R A M U N I C I P A L D E Á G U I A B R A N C A
A2: CRONOGRAMA
A3: OBRA: CONSTRUÇÃO DA SEDE ADMINISTRATIVA DO MUNICIPIO DE ÁGUIA BRANCA
A5: ITEM | B5: DESCRIÇÕES | D5: UNID. | E5: PRAZO DE EXECUÇÃO EM MESES CORRIDOS | AC5: TOTAL
E6: Mês 01 | F6: Mês 02 | G6: Mês 03 | H6: Mês 04 | I6: Mês 05 | J6: Mês 06 | K6: Mês 07 | L6: Mês 08 | M6: Mês 09 | N6: Mês 10 | O6: Mês 11 | P6: Mês 12 | Q6: Mês 13 | R6: Mês 14 | S6: Mês 15 | T6: Mês 16 | U6: Mês 17 | V6: Mês 18 | W6: Mês 19 | X6: Mês 20 | Y6: Mês 21 | Z6: Mês 22 | AA6: Mês 23 | AB6: Mês 24
A7: 1 | B7: SERVIÇOS PRELIMINARES | D7: =SUM(E7:T7) -> 1 | E7: 0.38 | F7: 0.025 | G7: 0.025 | H7: 0.025 | I7: 0.025 | J7: 0.025 | K7: 0.045 | L7: 0.05 | M7: 0.05 | N7: 0.05 | O7: 0.05 | P7: 0.05 | Q7: 0.05 | R7: 0.05 | S7: 0.05 | T7: 0.05 | AC7: =SUM(E7:AB7) -> 1
D8: =PLANILHA!I29 -> 595727.04 | E8: =D8*0.38 -> 226376.28 | F8: =D8*0.025 -> 14893.18 | G8: =D8*0.025 -> 14893.18 | H8: =D8*0.025 -> 14893.18 | I8: =D8*0.025 -> 14893.18 | J8: =D8*0.025 -> 14893.18 | K8: =D8*0.045 -> 26807.72 | L8: =D8*0.05 -> 29786.35 | M8: =D8*0.05 -> 29786.35 | N8: =D8*0.05 -> 29786.35 | O8: =D8*0.05 -> 29786.35 | P8: =D8*0.05 -> 29786.35 | Q8: =D8*0.05 -> 29786.35 | R8: =D8*0.05 -> 29786.35 | S8: =D8*0.05 -> 29786.35 | T8: =D8*0.05 -> 29786.35 | AC8: =SUM(E8:AB8) -> 595727.05 | AD8: =D8-AC8 -> -0.01
A9: 2 | B9: FUNDAÇÕES PROFUNDAS | D9: 100(%) | F9: 0.5 | G9: 0.5 | AC9: =SUM(E9:AB9) -> 1 | AD9: =D9-AC9 -> #VALUE!
D10: =PLANILHA!I37 -> 229837.61 | F10: =D10*0.5 -> 114918.81 | G10: =D10*0.5 -> 114918.81 | AC10: =SUM(E10:AB10) -> 229837.62 | AD10: =D10-AC10 -> -0.01
A11: 3 | B11: MOVIMENTAÇÃO DE TERRA | D11: 100(%) | F11: 1 | AC11: =SUM(E11:AB11) -> 1 | AD11: =D11-AC11 -> #VALUE!
D12: =PLANILHA!I42 -> 99574.38 | F12: =D12 -> 99574.38 | AC12: =SUM(E12:AB12) -> 99574.38 | AD12: =D12-AC12 -> 0
A13: 4 | B13: INFRA-ESTRUTURA | D13: 100(%) | G13: 0.25 | H13: 0.25 | I13: 0.5 | AC13: =SUM(G13:AB13) -> 1 | AD13: =D13-AC13 -> #VALUE!
D14: =PLANILHA!I50 -> 107175.35 | G14: =D14*0.25 -> 26793.84 | H14: =D14*0.25 -> 26793.84 | I14: =D14-G14-H14 -> 53587.67 | AC14: =SUM(G14:AB14) -> 107175.35 | AD14: =D14-AC14 -> 0
A15: 5 | B15: SUPRA-ESTRUTURA | D15: 100(%) | H15: 0.25 | I15: 0.25 | J15: 0.25 | K15: 0.25 | AC15: =SUM(H15:AB15) -> 1 | AD15: =D15-AC15 -> #VALUE!
D16: =PLANILHA!I57 -> 470209.28 | H16: =D16*0.25 -> 117552.32 | I16: =D16*0.25 -> 117552.32 | J16: =D16*0.25 -> 117552.32 | K16: =D16-H16-I16-J16 -> 117552.32 | AC16: =SUM(H16:AB16) -> 470209.28 | AD16: =D16-AC16 -> 0
A17: 6 | B17: LAJE | D17: 100(%) | H17: 0.25 | I17: 0.25 | J17: 0.25 | K17: 0.25 | AC17: =SUM(H17:AB17) -> 1 | AD17: =D17-AC17 -> #VALUE!
D18: =PLANILHA!I60 -> 284156.25 | H18: =D18*0.25 -> 71039.06 | I18: =D18*0.25 -> 71039.06 | J18: =D18*0.25 -> 71039.06 | K18: =D18-H18-I18-J18 -> 71039.07 | AC18: =SUM(H18:AB18) -> 284156.25 | AD18: =D18-AC18 -> 0
A19: 7 | B19: COBERTURA | D19: 100(%) | K19: 0.25 | L19: 0.75 | AC19: =SUM(K19:AB19) -> 1 | AD19: =D19-AC19 -> #VALUE!
D20: =PLANILHA!I68 -> 127738.03 | K20: =D20*0.25 -> 31934.51 | L20: =D20*0.75 -> 95803.52 | AC20: =SUM(K20:AB20) -> 127738.03 | AD20: =D20-AC20 -> 0
A21: 8 | B21: PAREDES E PAINEIS | D21: 100(%) | I21: 0.25 | J21: 0.25 | K21: 0.2 | L21: 0.2 | M21: 0.1 | AC21: =SUM(I21:AB21) -> 1 | AD21: =D21-AC21 -> #VALUE!
D22: =PLANILHA!I77 -> 120342.28 | I22: =D22*0.25 -> 30085.57 | J22: =D22*0.25 -> 30085.57 | K22: =D22*0.2 -> 24068.46 | L22: =D22*0.2 -> 24068.46 | M22: =D22-I22-J22-K22-L22 -> 12034.22 | AC22: =SUM(I22:AB22) -> 120342.28 | AD22: =D22-AC22 -> 0
A23: 9 | B23: ESQUADRIAS | D23: 100(%) | N23: 0.2 | O23: 0.2 | P23: 0.2 | Q23: 0.2 | R23: 0.2 | AC23: =SUM(N23:AB23) -> 1 | AD23: =D23-AC23 -> #VALUE!
D24: =PLANILHA!I92 -> 702768.53 | N24: =D24*0.2 -> 140553.71 | O24: =D24*0.2 -> 140553.71 | P24: =D24*0.2 -> 140553.71 | Q24: =D24*0.2 -> 140553.71 | R24: =D24-N24-O24-P24-Q24 -> 140553.69 | AC24: =SUM(N24:AB24) -> 702768.53 | AD24: =D24-AC24 -> 0
A25: 10 | B25: VIDROS E ESPELHOS | D25: 100(%) | P25: 0.25 | Q25: 0.25 | R25: 0.5 | AC25: =SUM(P25:AB25) -> 1 | AD25: =D25-AC25 -> #VALUE!
D26: =PLANILHA!I99 -> 45297.91 | P26: =D26*0.25 -> 11324.48 | Q26: =D26*0.25 -> 11324.48 | R26: =D26*0.5 -> 22648.96 | AC26: =SUM(P26:AB26) -> 45297.92 | AD26: =D26-AC26 -> -0.01
A27: 11 | B27: REVESTIMENTOS | D27: 100(%) | L27: 0.2 | M27: 0.3 | N27: 0.25 | O27: 0.25 | AC27: =SUM(L27:AB27) -> 1 | AD27: =D27-AC27 -> #VALUE!
D28: =PLANILHA!I108 -> 268018.43 | L28: =D28*0.2 -> 53603.69 | M28: =D28*0.3 -> 80405.53 | N28: =D28*0.25 -> 67004.61 | O28: =D28-L28-M28-N28 -> 67004.6 | AC28: =SUM(L28:AB28) -> 268018.43 | AD28: =D28-AC28 -> 0
A29: 12 | B29: PISO | D29: 100(%) | R29: 0.2 | S29: 0.2 | T29: 0.2 | U29: 0.2 | V29: 0.2 | AC29: =SUM(R29:AB29) -> 1 | AD29: =D29-AC29 -> #VALUE!
D30: =PLANILHA!I117 -> 199776.89 | R30: =D30*0.2 -> 39955.38 | S30: =D30*0.2 -> 39955.38 | T30: =D30*0.2 -> 39955.38 | U30: =D30*0.2 -> 39955.38 | V30: =D30*0.2 -> 39955.38 | AC30: =SUM(R30:AB30) -> 199776.9 | AD30: =D30-AC30 -> -0.01
A31: 13 | B31: INSTALAÇÕES HIDRO-SANITÁRIAS | D31: 100(%) | M31: 0.2 | N31: 0.05 | O31: 0.05 | P31: 0.1 | Q31: 0.1 | R31: 0.1 | S31: 0.1 | T31: 0.1 | U31: 0.1 | V31: 0.1 | AC31: =SUM(M31:AB31) -> 1 | AD31: =D31-AC31 -> #VALUE!
D32: =PLANILHA!I160 -> 171720.5 | M32: =D32*0.2 -> 34344.1 | N32: =D32*0.05 -> 8586.03 | O32: =D32*0.05 -> 8586.03 | P32: =D32*0.1 -> 17172.05 | Q32: =D32*0.1 -> 17172.05 | R32: =D32*0.1 -> 17172.05 | S32: =D32*0.1 -> 17172.05 | T32: =D32*0.1 -> 17172.05 | U32: =D32*0.1 -> 17172.05 | V32: =D32*0.1 -> 17172.05 | AC32: =SUM(M32:AB32) -> 171720.51 | AD32: =D32-AC32 -> -0.01
A33: 14 | B33: INSTALAÇÕES ELÉTRICAS | D33: 100(%) | N33: 0.1 | O33: 0.1 | P33: 0.1 | Q33: 0.1 | R33: 0.1 | S33: 0.1 | T33: 0.1 | U33: 0.1 | V33: 0.1 | W33: 0.1 | AC33: =SUM(N33:AB33) -> 1 | AD33: =D33-AC33 -> #VALUE!
D34: =PLANILHA!I201 -> 235352.13 | N34: =D34*0.1 -> 23535.21 | O34: =D34*0.1 -> 23535.21 | P34: =D34*0.1 -> 23535.21 | Q34: =D34*0.1 -> 23535.21 | R34: =D34*0.1 -> 23535.21 | S34: =D34*0.1 -> 23535.21 | T34: =D34*0.1 -> 23535.21 | U34: =D34*0.1 -> 23535.21 | V34: =D34*0.1 -> 23535.21 | W34: =D34*0.1 -> 23535.21 | AC34: =SUM(N34:AB34) -> 235352.1 | AD34: =D34-AC34 -> 0.03
A35: 15 | B35: OUTRAS INSTALAÇÕES | D35: 100(%) | N35: 0.1 | O35: 0.1 | P35: 0.1 | Q35: 0.1 | R35: 0.1 | S35: 0.1 | T35: 0.1 | U35: 0.1 | V35: 0.1 | W35: 0.1 | AC35: =SUM(N35:AB35) -> 1 | AD35: =D35-AC35 -> #VALUE!
D36: =PLANILHA!I220 -> 82840.75 | N36: =D36*0.1 -> 8284.08 | O36: =D36*0.1 -> 8284.08 | P36: =D36*0.1 -> 8284.08 | Q36: =D36*0.1 -> 8284.08 | R36: =D36*0.1 -> 8284.08 | S36: =D36*0.1 -> 8284.08 | T36: =D36*0.1 -> 8284.08 | U36: =D36*0.1 -> 8284.08 | V36: =D36*0.1 -> 8284.08 | W36: =D36*0.1 -> 8284.08 | AC36: =SUM(N36:AB36) -> 82840.8 | AD36: =D36-AC36 -> -0.05
A37: 16 | B37: PINTURA | D37: 100(%) | X37: 0.5 | Y37: 0.25 | Z37: 0.25 | AC37: =SUM(X37:AB37) -> 1 | AD37: =D37-AC37 -> #VALUE!
D38: =PLANILHA!I224 -> 54465.03 | X38: =D38*0.5 -> 27232.52 | Y38: =D38*0.25 -> 13616.26 | Z38: =D38*0.25 -> 13616.26 | AC38: =SUM(X38:AB38) -> 54465.04 | AD38: =D38-AC38 -> -0.01
A39: 17 | B39: ELEMENTOS DECORATIVOS E OUTROS | D39: 100(%) | Y39: 0.25 | Z39: 0.25 | AA39: 0.25 | AB39: 0.25 | AC39: =SUM(Y39:AB39) -> 1 | AD39: =D39-AC39 -> #VALUE!
D40: =PLANILHA!I251 -> 531230.11 | Y40: =D40*0.25 -> 132807.53 | Z40: =D40*0.25 -> 132807.53 | AA40: =D40*0.25 -> 132807.53 | AB40: =D40*0.25 -> 132807.53 | AC40: =SUM(Y40:AB40) -> 531230.12 | AD40: =D40-AC40 -> -0.01
A41: 18 | B41: FONTE / CHAFARIZ ( 18 JATOS ) | D41: 100(%) | S41: 0.15 | T41: 0.15 | U41: 0.1 | V41: 0.1 | W41: 0.25 | X41: 0.25 | AC41: =SUM(S41:AB41) -> 1 | AD41: =D41-AC41 -> #VALUE!
D42: =PLANILHA!I323 -> 345377.64 | S42: =D42*0.15 -> 51806.65 | T42: =D42*0.15 -> 51806.65 | U42: =D42*0.1 -> 34537.76 | V42: =D42*0.1 -> 34537.76 | W42: =D42*0.25 -> 86344.41 | X42: =D42*0.25 -> 86344.41 | AC42: =SUM(S42:AB42) -> 345377.64 | AD42: =D42-AC42 -> 0
AC43: =AC8+AC10+AC12+AC14+AC16+AC18+AC20+AC22+AC24+AC26+AC28+AC30+AC32+AC34+AC36+AC38+AC40+AC42 -> 4671608.2
A45: VALOR PARCIAL MENSAL | E45: =E8 -> 226376.28 | F45: =F8+F10+F12 -> 229386.37 | G45: =G8+G10+G14 -> 156605.83 | H45: =H8+H14+H16+H18 -> 230278.4 | I45: =I8+I14+I16+I18+I22 -> 287157.8 | J45: =J8+J16+J18+J22 -> 233570.13 | K45: =K8+K16+K18+K20+K22 -> 271402.08 | L45: =L8+L20+L22+L28 -> 203262.02 | M45: =M8+M28+M32+M22 -> 156570.2 | N45: =N8+N24+N28+N32+N34+N36 -> 277749.99 | O45: =O8+O24+O28+O32+O34+O36 -> 277749.98 | P45: =P8+P24+P26+P32+P34+P36 -> 230655.88 | Q45: =Q8+Q24+Q26+Q32+Q34+Q36 -> 230655.88 | R45: =R8+R24+R26+R30+R32+R34+R36 -> 281935.72 | S45: =S8+S30+S32+S34+S36+S42 -> 170539.72 | T45: =T8+T30+T32+T34+T36+T42 -> 170539.72 | U45: =U30+U32+U34+U36+U42 -> 123484.48 | V45: =V30+V32+V34+V36+V42 -> 123484.48 | W45: =W34+W36+W42 -> 118163.7 | X45: =X38+X42 -> 113576.93 | Y45: =Y38+Y40+Y42 -> 146423.79 | Z45: =Z38+Z40+Z42 -> 146423.79 | AA45: =AA38+AA40+AA42 -> 132807.53 | AB45: =AB40+AB42 -> 132807.53
A46: VALOR ACUMULADO | F46: =E45+F45 -> 455762.65 | G46: =F46+G45 -> 612368.48 | H46: =G46+H45 -> 842646.88 | I46: =H46+I45 -> 1129804.7 | J46: =I46+J45 -> 1363374.8 | K46: =J46+K45 -> 1634776.9 | L46: =K46+L45 -> 1838038.9 | M46: =L46+M45 -> 1994609.1 | N46: =M46+N45 -> 2272359.1 | ... AA46: =Z46+AA45 -> 4538800.7 | AB46: =AA46+AB45-0.09 -> 4671608.1 | AC46: =AB46 -> 4671608.1
A50: _____________________________________ EVANDRO G. C. MEDEIROS Engenheiro Civil CREA-ES 71.548/D
